 Dungeon Crawl Stone Soup version 0.31-a0-217-g58bb5d79cf (webtiles) character file.

Game seed: 1853209702290301421

239128 qw the Peltast (level 19, -5/128 HPs)
             Began as a Gargoyle Fighter on July 2, 2023.
             Was a High Priest of Okawaru.
             Killed by divine providence
             ... invoked by Saint Roka
              (13 damage)
             ... on level 2 of the Vaults.
             The game lasted 00:24:03 (36402 turns).

qw the Peltast (Gargoyle Fighter)                  Turns: 36402, Time: 00:24:03

Health: -5/128     AC: 49    Str: 28    XL:     19   Next: 74%
Magic:  21/26      EV: 19    Int: 12    God:    Okawaru [*****.]
Gold:   419        SH: 23    Dex: 14    Spells: 18/18 levels left

rFire   . . .        v - +8 mithril axe "Arga" {speed, Will+}
rCold   + + .        x - +0 tower shield {reflect}
rNeg    + . .        L - +6 chain mail of the Land of Plenty {rC++ Dex+3}
rPois   inf          r - +2 helmet
rElec   +            E - +1 cloak of Fortitude {rCorr Str+3}
rCorr   +            s - +2 pair of gloves
SInv    +            H - +2 pair of boots {Fly}
Will    +++..        G - amulet of faith
Stlth   +            I - +5 ring of evasion
HPRegen 0.41/turn    y - ring of see invisible
MPRegen 0.20/turn

%: reflection, faith
@: about to teleport, heroic, finesse-ful, flying
A: sickness immunity, AC +14, big wings, negative energy resistance 1,
electricity resistance, torment resistance 1, petrification resistance, thin
skeletal structure 1, strong-willed 1
}: 1/15 runes: barnacled
a: Renounce Religion, Heroism, Finesse, Duel


You were on level 2 of the Vaults.
You worshipped Okawaru.
Okawaru was extremely pleased with you.
You visited 7 branches of the dungeon, and saw 32 of its levels.
You also visited: Gauntlet.

You collected 3445 gold pieces.
You spent 3026 gold pieces at shops.


Innate Abilities, Weirdness & Mutations

You are immune to sickness and miasma.
Your stone body is resilient. (AC +14)
You are immune to poison.
Your large and strong wings let you fly.
You resist negative energy. (rN+)
You are resistant to electric shocks. (rElec)
You are resistant to unholy torment.
You are immune to petrification.
You have a somewhat thin skeletal structure. (Dex +2, Stealth+)
You are strong-willed. (Will+)


   Skills:
 - Level 17.0(22.0) Fighting
 - Level 18.0(23.0) Axes
 - Level 8.0(13.0) Throwing
 - Level 14.0(19.0) Armour
 + Level 6.6(11.6) Dodging
 - Level 19.0(24.0) Shields
 - Level 10.0 Invocations


You had 18 spell levels left.
You didn't know any spells.
Your spell library was empty.

Inventory:

Hand Weapons
 v - the +8 mithril axe "Arga" (weapon) {speed, Will+}
   (You found it on level 9 of the Dungeon)

   Will:      It increases your willpower.
 Q - a +0 broad axe
Missiles
 l - 29 boomerangs (quivered)
Armour
 g - a +2 hat of see invisible
 r - a +2 helmet (worn)
 s - a +2 pair of gloves (worn)
 x - a +0 tower shield of reflection (worn)
 z - a +4 plate armour
 D - the +0 robe of Duty {rCorr Int+2}
   (You found it on level 2 of the Snake Pit)

   Int:       It affects your intelligence (+2).
   rCorr:     It protects you from acid and corrosion.
 E - the +1 cloak of Fortitude (worn) {rCorr Str+3}
   (You bought it in a shop on level 14 of the Dungeon)

   Str:       It affects your strength (+3).
   rCorr:     It protects you from acid and corrosion.
 H - a +2 pair of boots of flying (worn)
 J - the +2 helmet "Danodita" {Harm rF- Regen+ Str-4}
   (You found it in a Gauntlet)

   Str:       It affects your strength (-4).
   rF:        It makes you vulnerable to fire.
   Regen:     It increases your rate of health regeneration.
   Harm:      It increases damage dealt and taken.
 L - the +6 chain mail of the Land of Plenty (worn) {rC++ Dex+3}
   (You bought it in a shop on level 14 of the Dungeon)

   Dex:       It affects your dexterity (+3).
   rC:        It greatly protects you from cold.
Jewellery
 h - a ring of fire
 w - a ring of resist corrosion
 y - a ring of see invisible (right hand)
 A - the amulet of Eduoh {Reflect Harm rF+ SH+5}
   (You found it on level 4 of the Shoals)

   [amulet of reflection]

   It reflects blocked missile attacks.
   rF:        It protects you from fire.
   SH:        It affects your SH (+5).
   Harm:      It increases damage dealt and taken.
 C - a ring of ice
 F - a ring of ice
 G - an amulet of faith (around neck)
 I - a +5 ring of evasion (left hand)
 K - an amulet of reflection
 N - a +4 ring of slaying {mikee}
Wands
 B - a wand of digging (26)
Scrolls
 a - 12 scrolls of teleportation
 b - a scroll of enchant armour
 i - 12 scrolls of identify
 q - 7 scrolls of enchant weapon
 u - a scroll of brand weapon
Potions
 d - 8 potions of might
 f - 6 potions of enlightenment
 j - 5 potions of haste
 k - 10 potions of lignification
 m - 6 potions of attraction
 n - 10 potions of mutation
 o - 6 potions of cancellation
 p - 14 potions of curing
 t - 2 potions of magic

Dungeon Overview and Level Annotations

Branches:
Dungeon (15/15)            Temple (1/1) D:4            Lair (5/5) D:10
 Shoals (4/4) Lair:2        Snake (3/4) Lair:2        Slime (0/5) Lair:4
    Orc (2/2) D:11            Elf (0/3) Orc:2        Vaults (2/5) D:14
 Depths (0/4) D:15        Gauntlet (visited)
  Crypt: Vaults:2-3

Altars:
Ashenzari
Cheibriados
Dithmenos
Elyvilon
Fedhas
Gozag
Hepliaklqana
Kikubaaqudgha
Makhleb
Nemelex Xobeh
Okawaru
Qazlal
Ru
Sif Muna
Trog
Uskayaw
Vehumet
Wu Jian
Xom
Yredelemnul
Zin
The Shining One
Jiyva

Shops:
D:12 ?   D:14 [   D:15 :   Orc:2 *[??   Shoals:1 [   Shoals:3 !   Shoals:4 [
Snake:2 *=?!   Vaults:1 (

Annotations:
D:2 1 runed translucent door, Crazy Yiuf
D:10 3 runed translucent doors, MackTheFife's ghost, journeyman CeHu
D:12 1 runed translucent door
Lair:1 3 runed translucent doors, qw's ghost, journeyman GrFi; qw's ghost, novice DEHu
Shoals:3 1 runed translucent door
Snake:3 2 transporters
Vaults:2 Margery; Saint Roka


Message History

The dire elephant is severely wounded.
You block the dire elephant's attack. The dire elephant misses you.
You slash the dire elephant!
The dire elephant is severely wounded.
You barely miss the vault sentinel. You slash the dire elephant!
The dire elephant is severely wounded.
You slice the vault sentinel!!
You block the dire elephant's attack. x2
The vault sentinel blows a loud note on a signal horn!
You slice the dire elephant!!
The dire elephant is almost dead.
You slash the vault sentinel! You hit the dire elephant.
The dire elephant is almost dead.
You hit the vault sentinel.
You block the dire elephant's attack. x2
The vault sentinel gestures at you while chanting.
You resist with some effort.
You hit the dire elephant.
You kill the dire elephant!
Okawaru accepts your kill.
You barely miss the vault sentinel.
Your surroundings suddenly seem different.
A boggart comes into view.
The boggart shouts!
Saint Roka shouts!
The orc wizard shouts!
The orc priest shouts!
The orc shouts!
You hear a shout! x3
Enter note:
36401 ||| INVOKING Finesse.
You can now deal lightning-fast blows.
Saint Roka mumbles some strange prayers to Beogh against you.
Beogh smites you!
The orc priest calls down the wrath of Beogh upon you.
Beogh smites you! You block the orc's attack.
36402 ||| READING 13 scrolls of teleportation.
As you read the scroll of teleportation, it crumbles to dust.
You feel strangely unstable.
Saint Roka invokes the aid of Beogh against you.
Beogh smites you!
You die...

#. ...# '.
... #. #..
#. o.# #
#.#o. .###
#...#o....
#..o...g.#
#.@....#
######.o..
. p..... .
...... ...
......
######.....
......


You could see Saint Roka, an orc warrior, a boggart, an orc priest, an orc
wizard and an orc.

Vanquished Creatures
  Nikola (Shoals:3)
  2 tentacled monstrosities
  Rupert (Lair:3)
  Mlioglotl (Shoals:2)
  2 krakens
  2 thorn hunters (Snake:1)
  Gastronok (Lair:3)
  Kirke (Lair:5)
  Ilsuiw (Shoals:2)
  2 nagarajas
  A fire giant (Vaults:1)
  2 orc warlords
  A vault warden (Vaults:1)
  Louise (Shoals:1)
  A war gargoyle (Vaults:2)
  3 stone giants
  7 ironbound preservers
  A deep elf demonologist (Vaults:1)
  10 dire elephants
  A minotaur (Gauntlet)
  An ettin (Vaults:1)
  2 merfolk javelineers
  A crystal guardian (Vaults:2)
  Snorg (Lair:3)
  An entropy weaver (Vaults:1)
  A yaktaur captain (Vaults:1)
  Josephine (D:15)
  Harold (Lair:2)
  7 merfolk impalers
  3 great orbs of eyes
  Fannar (Lair:3)
  6 hydras
  6 ogre magi
  2 vault guards (D:14)
  A peacekeeper (Vaults:2)
  3 catoblepae
  5 merfolk aquamancers (Shoals:4)
  6 boulder beetles
  5 merfolk avatars
  2 ironbound frosthearts (Vaults:1)
  7 centaur warriors
  7 anacondas
  3 alligators (Snake:1)
  7 alligator snapping turtles
  4 tengu warriors (D:15)
  26 two-headed ogres
  3 satyrs
  7 naga warriors
  Urug (D:11)
  2 thrashing horrors (Gauntlet)
  5 naga sharpshooters
  6 shock serpents
  A deep elf knight (D:14)
  2 hell knights (Vaults:2)
  8 skeletal warriors
  2 goliath frogs (Snake:1)
  6 skysharks
  A salamander mystic (Snake:3)
  18 sea snakes
  28 deep trolls
  A swamp dragon (Snake:1)
  2 naga ritualists
  4 wizards
  10 lindwurms
  22 harpies
  5 ironbound convokers
  5 orc knights
  A deep elf pyromancer (D:15)
  5 necromancers
  14 cyclopes
  4 mana vipers
  12 fauns
  17 manticores
  13 ugly things
  17 black mambas
  9 salamanders
  2 naga magi (Snake:2)
  7 merfolk sirens
  An eye of devastation (Gauntlet)
  4 water nymphs
  4 vault sentinels (Vaults:1)
  Maurice (D:10)
  12 cane toads
  7 elephants
  4 rime drakes
  An unseen horror (D:10)
  3 gargoyles
  A kobold demonologist (D:11)
  5 komodo dragons
  2 yaktaurs (Vaults:1)
  2 freezing wraiths
  3 tengu conjurers
  22 merfolk
  6 trolls
  5 polar bears
  A wind drake (shapeshifter) (D:14)
  2 hornets
  4 wind drakes
  Prince Ribbit (D:5)
  16 snapping turtles
  2 tyrant leeches (Snake:1)
  16 blink frogs
  14 dream sheep
  14 slime creatures
  A shadow (D:11)
  3 water elementals
  6 wraiths
  3 wyverns
  Eustachio (D:5)
  22 yaks
  A vampire (D:12)
  17 humans (D:14)
  A yak (shapeshifter) (D:14)
  4 hogs (Lair:5)
  4 basilisks
  2 golden eyes (Gauntlet)
  8 vampire mosquitoes
  3 steam dragons
  3 swamp worms (Snake:1)
  A warg (Orc:2)
  20 nagas
  9 water moccasins
  3 small abominations (Gauntlet)
  3 swamp drakes (Snake:1)
  A sky beast (D:7)
  14 orc warriors
  A black bear (D:8)
  4 wolves (Lair:4)
  2 ice beasts
  21 ogres
  12 centaurs
  3 kobold brigands
  A phantom (D:4)
  14 bullfrogs
  3 scorpions
  9 wights
  A howler monkey (D:7)
  4 electric eels
  3 lava snakes (D:14)
  16 jellies
  6 orc priests
  An iguana (D:4)
  14 orc wizards
  A statue (D:3)
  A centaur simulacrum (D:9)
  Robin (D:4)
  8 gnolls
  9 adders
  A shadow imp (D:6)
  An ufetubus (D:7)
  4 worms
  7 dart slugs
  55 orcs
  5 ball pythons
  7 bats
  24 endoplasms
  2 giant cockroaches (D:2)
  13 goblins
  13 hobgoblins
  6 jackals
  23 kobolds
  4 quokkas
  4 frilled lizards
  6 rats
  A fire vortex (D:14)
  6 tentacles
992 creatures vanquished.

Vanquished Creatures (others)
  A naga (Snake:1)
  A fire vortex (D:14)
  14 tentacles
16 creatures vanquished.

Grand Total: 1008 creatures vanquished

Notes
Turn   | Place    | Note
-------+----------+-------------------------------------------
     0 | D:1      | qw the Gargoyle Fighter began the quest for the Orb.
     0 | D:1      | Reached XP level 1. HP: 14/14 MP: 1/1
     0 | D:1      | 0 ||| qw: Version: 0.3-a-40-ge99b1a8
     0 | D:1      | 0 ||| qw: Game counter: 76
     0 | D:1      | 0 ||| qw: Melee chars always use a shield: true
     0 | D:1      | 0 ||| qw: God list: Okawaru
     0 | D:1      | 0 ||| qw: Allow faded altars: false
     0 | D:1      | 0 ||| qw: Do Orc after clearing Dungeon:15 true
     0 | D:1      | 0 ||| qw: Do second Lair branch before Depths: true
     0 | D:1      | 0 ||| qw: Lair rune preference: random
     0 | D:1      | 0 ||| qw: Goals: Normal, Zot:1-4, Slime:5, God:TSO, Crypt,
                  | Tomb, Abyss, Pan, Hells, Win
     0 | D:1      | 0 ||| PLANNING D:1-11
    76 | D:1      | 76 ||| FLEEEEING.
   109 | D:1      | 109 ||| Stepping ~*~*~tactically~*~*~ (stealth).
   110 | D:1      | 110 ||| Stepping ~*~*~tactically~*~*~ (stealth).
   136 | D:1      | Reached XP level 2. HP: 15/19 MP: 2/2
   139 | D:1      | 139 ||| FLEEEEING.
   140 | D:1      | 140 ||| Stepping ~*~*~tactically~*~*~ (stealth).
   151 | D:1      | 151 ||| FLEEEEING.
   155 | D:1      | 155 ||| Stepping ~*~*~tactically~*~*~ (stealth).
   257 | D:1      | 257 ||| Stepping ~*~*~tactically~*~*~ (stealth).
   296 | D:1      | 296 ||| Stepping ~*~*~tactically~*~*~ (stealth).
   303 | D:1      | 303 ||| Stepping ~*~*~tactically~*~*~ (stealth).
   306 | D:1      | 306 ||| Stepping ~*~*~tactically~*~*~ (stealth).
   307 | D:1      | 307 ||| Stepping ~*~*~tactically~*~*~ (stealth).
   309 | D:1      | 309 ||| Stepping ~*~*~tactically~*~*~ (stealth).
   315 | D:1      | Reached skill level 3 in Axes
   362 | D:1      | 362 ||| Stepping ~*~*~tactically~*~*~ (stealth).
   371 | D:1      | Reached XP level 3. HP: 23/23 MP: 3/3
   419 | D:1      | 419 ||| Stepping ~*~*~tactically~*~*~ (hiding).
   421 | D:1      | 421 ||| Stepping ~*~*~tactically~*~*~ (hiding).
   712 | D:1      | 712 ||| UPGRADING to +0 plate armour.
   722 | D:1      | 722 ||| DROPPING +0 scale mail.
   723 | D:1      | 723 ||| READING 2 scrolls labelled WAMEAR LEUCIWNELA.
   728 | D:1      | 728 ||| READING 2 scrolls labelled WONIUZXIROAR.
   729 | D:1      | 729 ||| DRINKING 2 ruby potions.
   730 | D:1      | 730 ||| DRINKING 2 inky potions.
  1061 | D:2      | 1061 ||| Stepping ~*~*~tactically~*~*~ (stealth).
  1062 | D:2      | 1062 ||| Stepping ~*~*~tactically~*~*~ (stealth).
  1116 | D:2      | Reached XP level 4. HP: 28/28 MP: 4/4
  1327 | D:2      | Found a runed translucent door.
  1328 | D:2      | Noticed Crazy Yiuf
  1649 | D:2      | 1649 ||| UPGRADING to +0 helmet.
  1654 | D:2      | 1654 ||| UPGRADING to amulet of the acrobat.
  1659 | D:2      | 1659 ||| UPGRADING to +4 ring of protection.
  1660 | D:2      | 1660 ||| READING scroll labelled SABLIM PIENEWUY.
  1661 | D:2      | 1661 ||| READING scroll labelled ATREEB ZOUCK.
  1662 | D:2      | 1662 ||| DRINKING 4 emerald potions.
  1663 | D:2      | 1663 ||| DRINKING 2 viscous silvery potions.
  1664 | D:2      | 1664 ||| DRINKING 2 golden potions.
  1664 | D:2      | Gained mutation: You are strong-willed. (Will+) [potion of
                  | mutation]
  1664 | D:2      | Gained mutation: You have a somewhat thin skeletal
                  | structure. (Dex +2, Stealth+) [potion of mutation]
  1665 | D:2      | 1665 ||| READING 2 scrolls of identify.
  1665 | D:2      | 1665 ||| IDENTIFYING puce potion
  1666 | D:2      | 1666 ||| DROPPING potion of brilliance.
  1714 | D:3      | 1714 ||| FLEEEEING.
  1715 | D:3      | 1715 ||| FLEEEEING.
  1716 | D:3      | 1716 ||| FLEEEEING.
  1749 | D:3      | 1749 ||| SWAPPING to +1 war axe of electrocution.
  1750 | D:3      | 1750 ||| DROPPING +1 war axe.
  1809 | D:3      | Noticed a scorpion
  1814 | D:3      | Killed a scorpion
  1815 | D:3      | Reached XP level 5. HP: 32/32 MP: 5/5
  1823 | D:3      | 1823 ||| Stepping ~*~*~tactically~*~*~ (stealth).
  1897 | D:3      | 1897 ||| Stepping ~*~*~tactically~*~*~ (hiding).
  2102 | D:3      | Found an ornate altar of the Wu Jian Council.
  2170 | D:3      | 2170 ||| Stepping ~*~*~tactically~*~*~ (stealth).
  2177 | D:3      | 2177 ||| DROPPING +0 club.
  2181 | D:3      | Found a glowing silver altar of Zin.
  2375 | D:3      | 2375 ||| Stepping ~*~*~tactically~*~*~ (stealth).
  2376 | D:3      | 2376 ||| Stepping ~*~*~tactically~*~*~ (stealth).
  2378 | D:3      | 2378 ||| Stepping ~*~*~tactically~*~*~ (hiding).
  2384 | D:3      | 2384 ||| Stepping ~*~*~tactically~*~*~ (stealth).
  2414 | D:3      | Found a radiant altar of Vehumet.
  2415 | D:3      | Noticed a charred statue
  2430 | D:3      | Killed a charred statue
  2617 | D:3      | 2617 ||| Stepping ~*~*~tactically~*~*~ (stealth).
  2619 | D:3      | 2619 ||| Stepping ~*~*~tactically~*~*~ (stealth).
  2629 | D:3      | 2629 ||| DROPPING +0 whip.
  2641 | D:3      | 2641 ||| Stepping ~*~*~tactically~*~*~ (stealth).
  2642 | D:3      | 2642 ||| Stepping ~*~*~tactically~*~*~ (stealth).
  2649 | D:3      | Reached XP level 6. HP: 38/38 MP: 6/6
  2886 | D:3      | 2886 ||| READING scroll labelled ZIEWNEUDIH.
  2887 | D:3      | 2887 ||| READING scroll labelled GAPUNG COMNEB.
  2940 | D:4      | Found a broken altar of Ashenzari.
  2976 | D:4      | 2976 ||| Stepping ~*~*~tactically~*~*~ (hiding).
  2977 | D:4      | 2977 ||| Stepping ~*~*~tactically~*~*~ (hiding).
  2978 | D:4      | 2978 ||| Stepping ~*~*~tactically~*~*~ (hiding).
  3168 | D:4      | Found a staircase to the Ecumenical Temple.
  3170 | D:4      | 3170 ||| PLANNING TEMPLE
  3170 | D:4      | 3170 ||| READING 2 scrolls labelled UMEP XEDAYQA.
  3171 | D:4      | 3171 ||| READING scroll of enchant armour.
  3171 | D:4      | 3171 ||| ENCHANTING +0 helmet.
  3172 | D:4      | 3172 ||| READING 2 scrolls of identify.
  3172 | D:4      | 3172 ||| IDENTIFYING sedimented grey potion
  3178 | D:4      | 3178 ||| Stepping ~*~*~tactically~*~*~ (stealth).
  3179 | D:4      | 3179 ||| Stepping ~*~*~tactically~*~*~ (stealth).
  3184 | D:4      | Reached skill level 6 in Axes
  3196 | Temple   | Entered the Ecumenical Temple
  3197 | Temple   | 3197 ||| PLANNING OKAWARU WORSHIP
  3233 | Temple   | Became a worshipper of Warmaster Okawaru
  3234 | Temple   | 3234 ||| PLANNING D:1-11
  3410 | D:4      | Found a glowing golden altar of the Shining One.
  3558 | D:4      | Noticed an ice beast
  3570 | D:4      | Killed an ice beast
  3571 | D:4      | Reached XP level 7. HP: 18/43 MP: 7/7
  3697 | D:4      | 3697 ||| Stepping ~*~*~tactically~*~*~ (stealth).
  3701 | D:4      | Noticed Robin
  3702 | D:4      | 3702 ||| Stepping ~*~*~tactically~*~*~ (hiding).
  3709 | D:4      | Killed Robin
  3832 | D:4      | 3832 ||| DROPPING +0 mace.
  3833 | D:4      | 3833 ||| UPGRADING to ring of resist corrosion.
  3834 | D:4      | 3834 ||| READING scroll labelled IDOXIOR GUMU.
  3835 | D:4      | 3835 ||| READING 3 scrolls of identify.
  3835 | D:4      | 3835 ||| IDENTIFYING fizzy coppery potion
  3836 | D:4      | 3836 ||| READING 2 scrolls of identify.
  3836 | D:4      | 3836 ||| IDENTIFYING coppery potion
  3837 | D:4      | 3837 ||| DROPPING potion of degeneration.
  3856 | D:5      | Entered Level 5 of the Dungeon
  4335 | D:5      | Identified the -1 cloak "Boal" {rElec Str+3}
  4346 | D:5      | 4346 ||| READING scroll of enchant weapon.
  4346 | D:5      | 4346 ||| ENCHANTING +1 war axe of electrocution.
  4415 | D:5      | Noticed Prince Ribbit
  4419 | D:5      | Noticed Eustachio
  4422 | D:5      | Killed Prince Ribbit
  4422 | D:5      | Reached * piety under Okawaru
  4424 | D:5      | 4424 ||| FLEEEEING.
  4425 | D:5      | 4425 ||| FLEEEEING.
  4426 | D:5      | 4426 ||| FLEEEEING.
  4427 | D:5      | 4427 ||| FLEEEEING.
  4429 | D:5      | 4429 ||| FLEEEEING.
  4430 | D:5      | 4430 ||| FLEEEEING.
  4431 | D:5      | 4431 ||| FLEEEEING.
  4432 | D:5      | 4432 ||| FLEEEEING.
  4433 | D:5      | 4433 ||| FLEEEEING.
  4434 | D:5      | 4434 ||| FLEEEEING.
  4435 | D:5      | 4435 ||| FLEEEEING.
  4436 | D:5      | 4436 ||| FLEEEEING.
  4437 | D:5      | 4437 ||| FLEEEEING.
  4439 | D:5      | 4439 ||| FLEEEEING.
  4440 | D:5      | 4440 ||| FLEEEEING.
  4441 | D:5      | 4441 ||| FLEEEEING.
  4445 | D:5      | 4445 ||| FLEEEEING.
  4446 | D:5      | 4446 ||| FLEEEEING.
  4447 | D:5      | 4447 ||| INVOKING Heroism.
  4453 | D:5      | Killed Eustachio
  4454 | D:5      | Reached skill level 1 in Invocations
  4454 | D:5      | Reached XP level 8. HP: 45/48 MP: 5/9
  4507 | D:5      | Noticed a troll
  4869 | D:5      | 4869 ||| UPGRADING to +1 pair of gloves.
  4874 | D:5      | 4874 ||| UPGRADING to -1 cloak "Boal" {rElec Str+3}.
  4879 | D:5      | 4879 ||| DROPPING ring of wizardry.
  4880 | D:5      | 4880 ||| READING scroll labelled GIROUP UPSAUQIY.
  5028 | D:6      | 5028 ||| INVOKING Heroism.
  5036 | D:6      | Reached skill level 3 in Invocations
  5098 | D:6      | Found a sacrificial altar of Ru.
  5238 | D:6      | Identified the +6 war axe of Impatience {holy, *Rage Str+8}
  5240 | D:6      | 5240 ||| DROPPING +6 war axe of Impatience {holy, *Rage
                  | Str+8}.
  5371 | D:6      | Found a burning altar of Makhleb.
  5404 | D:6      | 5404 ||| UPGRADING to +0 pair of boots.
  5443 | D:7      | 5443 ||| STAIRDANCE
  5486 | D:7      | 5486 ||| STAIRDANCE
  5555 | D:7      | 5555 ||| INVOKING Heroism.
  5557 | D:7      | 5557 ||| Stepping ~*~*~tactically~*~*~ (cloud).
  5565 | D:7      | 5565 ||| Stepping ~*~*~tactically~*~*~ (cloud).
  5830 | D:7      | 5830 ||| DROPPING +0 flail.
  5850 | D:7      | 5850 ||| Stepping ~*~*~tactically~*~*~ (stealth).
  5851 | D:7      | 5851 ||| Stepping ~*~*~tactically~*~*~ (stealth).
  5959 | D:7      | Reached ** piety under Okawaru
  5960 | D:7      | Reached XP level 9. HP: 54/54 MP: 12/12
  6268 | D:7      | 6268 ||| Stepping ~*~*~tactically~*~*~ (hiding).
  6272 | D:7      | 6272 ||| Stepping ~*~*~tactically~*~*~ (hiding).
  6274 | D:7      | 6274 ||| Stepping ~*~*~tactically~*~*~ (hiding).
  6280 | D:7      | 6280 ||| INVOKING Heroism.
  6404 | D:7      | Reached skill level 6 in Fighting
  6438 | D:7      | 6438 ||| Stepping ~*~*~tactically~*~*~ (hiding).
  6445 | D:7      | 6445 ||| INVOKING Heroism.
  6459 | D:7      | Reached skill level 6 in Armour
  6469 | D:7      | Reached skill level 9 in Axes
  6635 | D:7      | Found a shimmering blue altar of Sif Muna.
  6720 | D:7      | 6720 ||| Stepping ~*~*~tactically~*~*~ (stealth).
  6723 | D:7      | 6723 ||| Stepping ~*~*~tactically~*~*~ (stealth).
  6863 | D:7      | 6863 ||| DROPPING ring of flight.
  7048 | D:8      | 7048 ||| INVOKING Heroism.
  7088 | D:8      | 7088 ||| Stepping ~*~*~tactically~*~*~ (stealth).
  7090 | D:8      | 7090 ||| Stepping ~*~*~tactically~*~*~ (stealth).
  7099 | D:8      | Reached skill level 4 in Shields
  7127 | D:8      | Found a hazy altar of Hepliaklqana.
  7130 | D:8      | 7130 ||| Stepping ~*~*~tactically~*~*~ (hiding).
  7139 | D:8      | 7139 ||| INVOKING Heroism.
  7156 | D:8      | Found a blossoming altar of Fedhas.
  7161 | D:8      | 7161 ||| INVOKING Heroism.
  7215 | D:8      | Reached XP level 10. HP: 63/63 MP: 13/13
  7495 | D:9      | 7495 ||| Stepping ~*~*~tactically~*~*~ (hiding).
  7498 | D:9      | 7498 ||| Stepping ~*~*~tactically~*~*~ (hiding).
  7729 | D:9      | 7729 ||| Stepping ~*~*~tactically~*~*~ (stealth).
  7734 | D:9      | Reached *** piety under Okawaru
  7774 | D:9      | Noticed a two-headed ogre
  7775 | D:9      | 7775 ||| UPGRADING to +6 ring of dexterity.
  7777 | D:9      | 7777 ||| UPGRADING to ring of see invisible.
  7779 | D:9      | 7779 ||| READING 3 scrolls of identify.
  7779 | D:9      | 7779 ||| IDENTIFYING lumpy ruby potion
  7780 | D:9      | 7780 ||| READING 2 scrolls of identify.
  7780 | D:9      | 7780 ||| IDENTIFYING purple potion
  7784 | D:9      | 7784 ||| Stepping ~*~*~tactically~*~*~ (hiding).
  7786 | D:9      | 7786 ||| Stepping ~*~*~tactically~*~*~ (hiding).
  7788 | D:9      | 7788 ||| Stepping ~*~*~tactically~*~*~ (hiding).
  7793 | D:9      | 7793 ||| Stepping ~*~*~tactically~*~*~ (stealth).
  7796 | D:9      | 7796 ||| Stepping ~*~*~tactically~*~*~ (stealth).
  7812 | D:9      | Found the +8 mithril axe "Arga" {speed, Will+}
  7817 | D:9      | 7817 ||| INVOKING Heroism.
  7822 | D:9      | Killed a two-headed ogre
  7855 | D:9      | 7855 ||| READING scroll labelled DUISOZXEDGH.
  7897 | D:9      | Reached **** piety under Okawaru
  7951 | D:9      | 7951 ||| READING scroll labelled KIEFRE LEORCHI.
  7973 | D:9      | 7973 ||| SWAPPING to +8 mithril axe "Arga" {speed, Will+}.
  8205 | D:10     | Entered Level 10 of the Dungeon
  8249 | D:10     | 8249 ||| INVOKING Heroism.
  8283 | D:10     | Found a staircase to the Lair.
  8571 | D:10     | Noticed an unseen horror
  8577 | D:10     | Killed an unseen horror
  8637 | D:10     | 8637 ||| FLEEEEING.
  8641 | D:10     | 8641 ||| FLEEEEING.
  8642 | D:10     | 8642 ||| FLEEEEING.
  8643 | D:10     | 8643 ||| FLEEEEING.
  8644 | D:10     | 8644 ||| FLEEEEING.
  8644 | D:10     | Noticed Maurice
  8654 | D:10     | Killed Maurice
  8655 | D:10     | Reached skill level 5 in Shields
  8674 | D:10     | 8674 ||| DROPPING +2 flail.
  8702 | D:10     | Found a runed translucent gate.
  8702 | D:10     | Found a runed translucent gate.
  8704 | D:10     | Found a runed translucent gate.
  8709 | D:10     | Noticed MackTheFife's ghost (journeyman CeHu)
  8985 | D:10     | Found a viscous altar of Jiyva.
  8987 | D:10     | 8987 ||| PLANNING LAIR
  9017 | Lair:1   | Entered Level 1 of the Lair of Beasts
  9049 | Lair:1   | Noticed a cane toad
  9050 | Lair:1   | 9050 ||| INVOKING Heroism.
  9063 | Lair:1   | Killed a cane toad
  9064 | Lair:1   | Reached XP level 11. HP: 54/68 MP: 12/15
  9108 | Lair:1   | 9108 ||| INVOKING Heroism.
  9119 | Lair:1   | Reached skill level 6 in Invocations
  9243 | Lair:1   | Found a runed translucent gate.
  9244 | Lair:1   | Found a runed translucent gate.
  9245 | Lair:1   | Found a runed translucent gate.
  9246 | Lair:1   | Noticed qw's ghost (journeyman GrFi)
  9246 | Lair:1   | Noticed qw's ghost (novice DEHu)
  9262 | Lair:1   | 9262 ||| Stepping ~*~*~tactically~*~*~ (stealth).
  9274 | Lair:1   | 9274 ||| INVOKING Heroism.
  9636 | Lair:1   | Received a gift from Okawaru
  9698 | Lair:1   | 9698 ||| Stepping ~*~*~tactically~*~*~ (stealth).
  9699 | Lair:1   | 9699 ||| INVOKING Heroism.
  9882 | Lair:1   | 9882 ||| READING scroll labelled TONIHI ZAAROSI.
 10046 | Lair:2   | Found a staircase to the Shoals.
 10189 | Lair:2   | 10189 ||| INVOKING Heroism.
 10254 | Lair:2   | 10254 ||| Stepping ~*~*~tactically~*~*~ (stealth).
 10282 | Lair:2   | Reached ***** piety under Okawaru
 10328 | Lair:2   | Reached skill level 9 in Fighting
 10441 | Lair:2   | Reached skill level 3 in Throwing
 10453 | Lair:2   | 10453 ||| FLEEEEING.
 10463 | Lair:2   | 10463 ||| INVOKING Heroism.
 10493 | Lair:2   | Reached skill level 9 in Invocations
 10596 | Lair:2   | 10596 ||| Stepping ~*~*~tactically~*~*~ (hiding).
 10658 | Lair:2   | Found a staircase to the Snake Pit.
 10703 | Lair:2   | Noticed Harold
 10704 | Lair:2   | 10704 ||| INVOKING Heroism.
 10714 | Lair:2   | Killed Harold
 10715 | Lair:2   | Reached skill level 9 in Armour
 10715 | Lair:2   | Reached XP level 12. HP: 76/76 MP: 16/19
 10972 | Lair:2   | 10972 ||| READING scroll labelled JILUCO COPHUO.
 11022 | Lair:2   | 11022 ||| READING 2 scrolls of identify.
 11022 | Lair:2   | 11022 ||| IDENTIFYING black potion
 11023 | Lair:2   | 11023 ||| DROPPING potion of ambrosia.
 11034 | Lair:3   | 11034 ||| PLANNING GAUNTLET
 11044 | Lair:3   | 11044 ||| INVOKING Heroism.
 11105 | Lair:3   | Identified the +4 scale mail of Twilight {+Blink rPois}
                  | (Okawaru gifted it to you on level 3 of the Lair of Beasts)
 11105 | Lair:3   | Received a gift from Okawaru
 11109 | Lair:3   | 11109 ||| INVOKING Heroism.
 11156 | Lair:3   | Noticed Rupert
 11157 | Lair:3   | 11157 ||| INVOKING Heroism.
 11158 | Lair:3   | 11158 ||| INVOKING Finesse.
 11181 | Lair:3   | Killed Rupert
 11182 | Lair:3   | Reached skill level 12 in Axes
 11267 | Lair:3   | Noticed Snorg
 11268 | Lair:3   | 11268 ||| INVOKING Heroism.
 11269 | Lair:3   | 11269 ||| INVOKING Finesse.
 11283 | Lair:3   | Killed Snorg
 11353 | Lair:3   | 11353 ||| Stepping ~*~*~tactically~*~*~ (stealth).
 11355 | Lair:3   | 11355 ||| Stepping ~*~*~tactically~*~*~ (stealth).
 11357 | Lair:3   | 11357 ||| INVOKING Heroism.
 11363 | Lair:3   | Reached skill level 6 in Shields
 11467 | Lair:3   | Noticed Fannar
 11469 | Lair:3   | 11469 ||| INVOKING Heroism.
 11491 | Lair:3   | Killed Fannar
 11502 | Lair:3   | Found a gate leading to a gauntlet.
 11503 | Lair:3   | 11503 ||| READING scroll labelled SOBYCV EHUT.
 11505 | Lair:3   | Noticed Gastronok
 11520 | Lair:3   | Killed Gastronok
 11588 | Gauntlet | Entered a Gauntlet
 11588 | Gauntlet | Found a transporter.
 11589 | Gauntlet | Found a large runed translucent door.
 11590 | Gauntlet | Found a large runed translucent door.
 11591 | Gauntlet | Found a large runed translucent door.
 11591 | Gauntlet | Found a large runed translucent door.
 11591 | Gauntlet | Found a runed translucent door.
 11591 | Gauntlet | Noticed a catoblepas
 11592 | Gauntlet | Found a large runed translucent door.
 11593 | Gauntlet | Found a large runed translucent door.
 11594 | Gauntlet | Found a large runed translucent door.
 11594 | Gauntlet | Found a large runed translucent door.
 11595 | Gauntlet | Found a runed translucent gate.
 11595 | Gauntlet | Found a runed translucent gate.
 11597 | Gauntlet | Found a transporter.
 11605 | Gauntlet | Found a runed translucent gate.
 11605 | Gauntlet | Found a runed translucent door.
 11606 | Gauntlet | Found a large runed translucent door.
 11606 | Gauntlet | Found a large runed translucent door.
 11607 | Gauntlet | Found a large runed translucent door.
 11608 | Gauntlet | Found a large runed translucent door.
 11612 | Gauntlet | Found a transporter.
 11617 | Gauntlet | Found a transporter.
 11628 | Gauntlet | Noticed a great orb of eyes
 11634 | Gauntlet | Found a transporter.
 11651 | Gauntlet | Found a transporter.
 11659 | Gauntlet | Noticed a dire elephant
 11660 | Gauntlet | Found a transporter.
 11675 | Gauntlet | Found a transporter.
 11677 | Gauntlet | Noticed an entropy weaver
 11687 | Gauntlet | Found a transporter.
 11688 | Gauntlet | Noticed an entropy weaver
 11693 | Gauntlet | Found a transporter.
 11693 | Gauntlet | Found a transporter.
 11695 | Gauntlet | Found a transporter.
 11708 | Gauntlet | Noticed a thrashing horror
 11712 | Gauntlet | Found a transporter.
 11717 | Gauntlet | Noticed a thrashing horror
 11718 | Gauntlet | Found a transporter.
 11761 | Gauntlet | Found a transporter.
 11786 | Gauntlet | Found a transporter.
 11808 | Gauntlet | Found a large runed translucent door.
 11808 | Gauntlet | Found a large runed translucent door.
 11809 | Gauntlet | Found a large runed translucent door.
 11810 | Gauntlet | Found a large runed translucent door.
 11812 | Gauntlet | Found a transporter.
 11892 | Gauntlet | Found a transporter.
 12012 | Gauntlet | 12012 ||| Stepping ~*~*~tactically~*~*~ (hiding).
 12013 | Gauntlet | 12013 ||| INVOKING Heroism.
 12023 | Gauntlet | Killed a catoblepas
 12064 | Gauntlet | 12064 ||| UPGRADING to +2 pair of boots of flying.
 12074 | Gauntlet | 12074 ||| DROPPING +0 pair of boots.
 12075 | Gauntlet | 12075 ||| READING scroll labelled SEPREA DYTEAQA.
 12096 | Gauntlet | 12096 ||| INVOKING Heroism.
 12216 | Gauntlet | Killed a thrashing horror
 12217 | Gauntlet | Reached XP level 13. HP: 82/82 MP: 20/20
 12242 | Gauntlet | 12242 ||| INVOKING Heroism.
 12334 | Gauntlet | 12334 ||| DROPPING +0 pair of boots of stealth.
 12349 | Gauntlet | Noticed a minotaur
 12350 | Gauntlet | 12350 ||| INVOKING Heroism.
 12360 | Gauntlet | Killed a minotaur
 12372 | Gauntlet | 12372 ||| READING scroll of enchant armour.
 12372 | Gauntlet | 12372 ||| ENCHANTING +1 pair of gloves.
 12375 | Gauntlet | Identified the +2 helmet "Danodita" {Harm rF- Regen+ Str-4}
 12386 | Gauntlet | 12386 ||| UPGRADING to +0 shadow dragon scales.
 12396 | Gauntlet | 12396 ||| DROPPING +0 plate armour.
 12397 | Gauntlet | 12397 ||| DROPPING +6 ring of dexterity.
 12398 | Gauntlet | 12398 ||| UPGRADING to +5 ring of evasion.
 12411 | Lair:3   | 12411 ||| PLANNING LAIR
 12486 | Lair:3   | 12486 ||| INVOKING Heroism.
 12673 | Lair:3   | 12673 ||| UPGRADING to amulet of regeneration.
 12683 | Lair:3   | 12683 ||| DROPPING amulet of the acrobat.
 12729 | Lair:4   | 12729 ||| Stepping ~*~*~tactically~*~*~ (stealth).
 12730 | Lair:4   | 12730 ||| INVOKING Heroism.
 12734 | Lair:4   | 12734 ||| SWAPPING to +3 morningstar of freezing.
 12743 | Lair:4   | 12743 ||| SWAPPING to +8 mithril axe "Arga" {speed, Will+}.
 12750 | Lair:4   | Reached skill level 3 in Dodging
 12999 | Lair:4   | 12999 ||| Stepping ~*~*~tactically~*~*~ (stealth).
 13001 | Lair:4   | 13001 ||| Stepping ~*~*~tactically~*~*~ (stealth).
 13003 | Lair:4   | 13003 ||| Stepping ~*~*~tactically~*~*~ (stealth).
 13005 | Lair:4   | 13005 ||| Stepping ~*~*~tactically~*~*~ (stealth).
 13011 | Lair:4   | 13011 ||| Stepping ~*~*~tactically~*~*~ (stealth).
 13012 | Lair:4   | 13012 ||| Stepping ~*~*~tactically~*~*~ (stealth).
 13013 | Lair:4   | 13013 ||| Stepping ~*~*~tactically~*~*~ (stealth).
 13014 | Lair:4   | 13014 ||| Stepping ~*~*~tactically~*~*~ (stealth).
 13023 | Lair:4   | 13023 ||| Stepping ~*~*~tactically~*~*~ (stealth).
 13025 | Lair:4   | 13025 ||| Stepping ~*~*~tactically~*~*~ (stealth).
 13027 | Lair:4   | 13027 ||| Stepping ~*~*~tactically~*~*~ (stealth).
 13029 | Lair:4   | 13029 ||| Stepping ~*~*~tactically~*~*~ (stealth).
 13031 | Lair:4   | 13031 ||| Stepping ~*~*~tactically~*~*~ (stealth).
 13033 | Lair:4   | 13033 ||| Stepping ~*~*~tactically~*~*~ (stealth).
 13035 | Lair:4   | 13035 ||| Stepping ~*~*~tactically~*~*~ (stealth).
 13037 | Lair:4   | 13037 ||| Stepping ~*~*~tactically~*~*~ (stealth).
 13039 | Lair:4   | 13039 ||| Stepping ~*~*~tactically~*~*~ (stealth).
 13041 | Lair:4   | 13041 ||| Stepping ~*~*~tactically~*~*~ (stealth).
 13046 | Lair:4   | Found a viscous altar of Jiyva.
 13046 | Lair:4   | Found a staircase to the Slime Pits.
 13052 | Lair:4   | 13052 ||| FLEEEEING.
 13053 | Lair:4   | 13053 ||| FLEEEEING.
 13062 | Lair:4   | 13062 ||| FLEEEEING.
 13063 | Lair:4   | 13063 ||| FLEEEEING.
 13195 | Lair:4   | 13195 ||| Stepping ~*~*~tactically~*~*~ (stealth).
 13197 | Lair:4   | 13197 ||| Stepping ~*~*~tactically~*~*~ (stealth).
 13199 | Lair:4   | 13199 ||| Stepping ~*~*~tactically~*~*~ (stealth).
 13201 | Lair:4   | 13201 ||| Stepping ~*~*~tactically~*~*~ (stealth).
 13210 | Lair:4   | 13210 ||| Stepping ~*~*~tactically~*~*~ (stealth).
 13212 | Lair:4   | 13212 ||| Stepping ~*~*~tactically~*~*~ (stealth).
 13214 | Lair:4   | 13214 ||| Stepping ~*~*~tactically~*~*~ (stealth).
 13220 | Lair:4   | 13220 ||| Stepping ~*~*~tactically~*~*~ (stealth).
 13222 | Lair:4   | 13222 ||| Stepping ~*~*~tactically~*~*~ (stealth).
 13224 | Lair:4   | 13224 ||| Stepping ~*~*~tactically~*~*~ (stealth).
 13226 | Lair:4   | 13226 ||| Stepping ~*~*~tactically~*~*~ (stealth).
 13228 | Lair:4   | 13228 ||| Stepping ~*~*~tactically~*~*~ (stealth).
 13230 | Lair:4   | 13230 ||| Stepping ~*~*~tactically~*~*~ (stealth).
 13232 | Lair:4   | 13232 ||| Stepping ~*~*~tactically~*~*~ (stealth).
 13234 | Lair:4   | 13234 ||| Stepping ~*~*~tactically~*~*~ (stealth).
 13236 | Lair:4   | 13236 ||| Stepping ~*~*~tactically~*~*~ (stealth).
 13238 | Lair:4   | 13238 ||| Stepping ~*~*~tactically~*~*~ (stealth).
 13240 | Lair:4   | 13240 ||| Stepping ~*~*~tactically~*~*~ (stealth).
 13242 | Lair:4   | 13242 ||| Stepping ~*~*~tactically~*~*~ (stealth).
 13354 | Lair:4   | 13354 ||| Stepping ~*~*~tactically~*~*~ (stealth).
 13372 | Lair:4   | 13372 ||| INVOKING Heroism.
 13431 | Lair:4   | 13431 ||| Stepping ~*~*~tactically~*~*~ (stealth).
 13433 | Lair:4   | 13433 ||| Stepping ~*~*~tactically~*~*~ (stealth).
 13434 | Lair:4   | 13434 ||| Stepping ~*~*~tactically~*~*~ (stealth).
 13435 | Lair:4   | 13435 ||| Stepping ~*~*~tactically~*~*~ (stealth).
 13436 | Lair:4   | 13436 ||| INVOKING Heroism.
 13452 | Lair:4   | 13452 ||| Stepping ~*~*~tactically~*~*~ (stealth).
 13454 | Lair:4   | 13454 ||| Stepping ~*~*~tactically~*~*~ (stealth).
 13455 | Lair:4   | 13455 ||| Stepping ~*~*~tactically~*~*~ (stealth).
 13673 | Lair:4   | 13673 ||| Stepping ~*~*~tactically~*~*~ (stealth).
 13799 | Lair:4   | 13799 ||| DRINKING 2 glowing red potions.
 13800 | Lair:4   | 13800 ||| DROPPING potion of invisibility.
 13861 | Lair:5   | Entered Level 5 of the Lair of Beasts
 13875 | Lair:5   | 13875 ||| Stepping ~*~*~tactically~*~*~ (stealth).
 13877 | Lair:5   | 13877 ||| Stepping ~*~*~tactically~*~*~ (stealth).
 13878 | Lair:5   | 13878 ||| INVOKING Heroism.
 13883 | Lair:5   | 13883 ||| Stepping ~*~*~tactically~*~*~ (stealth).
 13885 | Lair:5   | 13885 ||| Stepping ~*~*~tactically~*~*~ (stealth).
 13886 | Lair:5   | 13886 ||| Stepping ~*~*~tactically~*~*~ (stealth).
 13898 | Lair:5   | Received a gift from Okawaru
 13899 | Lair:5   | 13899 ||| INVOKING Finesse.
 13904 | Lair:5   | 13904 ||| INVOKING Heroism.
 13924 | Lair:5   | 13924 ||| Stepping ~*~*~tactically~*~*~ (hiding).
 13926 | Lair:5   | 13926 ||| Stepping ~*~*~tactically~*~*~ (hiding).
 13928 | Lair:5   | 13928 ||| Stepping ~*~*~tactically~*~*~ (hiding).
 13930 | Lair:5   | 13930 ||| Stepping ~*~*~tactically~*~*~ (hiding).
 13934 | Lair:5   | 13934 ||| INVOKING Finesse.
 13935 | Lair:5   | 13935 ||| Stepping ~*~*~tactically~*~*~ (hiding).
 13936 | Lair:5   | 13936 ||| Stepping ~*~*~tactically~*~*~ (hiding).
 13942 | Lair:5   | 13942 ||| INVOKING Heroism.
 13944 | Lair:5   | 13944 ||| Stepping ~*~*~tactically~*~*~ (hiding).
 13946 | Lair:5   | 13946 ||| Stepping ~*~*~tactically~*~*~ (stealth).
 13997 | Lair:5   | 13997 ||| Stepping ~*~*~tactically~*~*~ (stealth).
 14039 | Lair:5   | Identified the +12 rapier of Righteous Anger {flame, rElec
                  | rF+ Int+2 Dex+3}
 14058 | Lair:5   | 14058 ||| Stepping ~*~*~tactically~*~*~ (stealth).
 14059 | Lair:5   | 14059 ||| Stepping ~*~*~tactically~*~*~ (stealth).
 14065 | Lair:5   | 14065 ||| Stepping ~*~*~tactically~*~*~ (stealth).
 14067 | Lair:5   | Identified the +2 executioner's axe of Kitaxel {spect, Fly}
                  | (Okawaru gifted it to you on level 5 of the Lair of Beasts)
 14067 | Lair:5   | Received a gift from Okawaru
 14092 | Lair:5   | 14092 ||| Stepping ~*~*~tactically~*~*~ (stealth).
 14094 | Lair:5   | 14094 ||| INVOKING Heroism.
 14102 | Lair:5   | 14102 ||| Stepping ~*~*~tactically~*~*~ (stealth).
 14103 | Lair:5   | 14103 ||| Stepping ~*~*~tactically~*~*~ (stealth).
 14104 | Lair:5   | 14104 ||| Stepping ~*~*~tactically~*~*~ (stealth).
 14135 | Lair:5   | 14135 ||| Stepping ~*~*~tactically~*~*~ (stealth).
 14136 | Lair:5   | 14136 ||| Stepping ~*~*~tactically~*~*~ (stealth).
 14137 | Lair:5   | 14137 ||| INVOKING Heroism.
 14160 | Lair:5   | 14160 ||| Stepping ~*~*~tactically~*~*~ (stealth).
 14164 | Lair:5   | 14164 ||| Stepping ~*~*~tactically~*~*~ (stealth).
 14169 | Lair:5   | 14169 ||| Stepping ~*~*~tactically~*~*~ (stealth).
 14245 | Lair:5   | 14245 ||| Stepping ~*~*~tactically~*~*~ (stealth).
 14257 | Lair:5   | Gained mutation: Your large and strong wings let you fly.
                  | [Gargoyle growth]
 14257 | Lair:5   | Reached XP level 14. HP: 90/90 MP: 21/21
 14258 | Lair:5   | 14258 ||| Stepping ~*~*~tactically~*~*~ (stealth).
 14296 | Lair:5   | 14296 ||| Stepping ~*~*~tactically~*~*~ (stealth).
 14298 | Lair:5   | 14298 ||| Stepping ~*~*~tactically~*~*~ (stealth).
 14300 | Lair:5   | 14300 ||| Stepping ~*~*~tactically~*~*~ (stealth).
 14302 | Lair:5   | 14302 ||| Stepping ~*~*~tactically~*~*~ (stealth).
 14304 | Lair:5   | 14304 ||| Stepping ~*~*~tactically~*~*~ (stealth).
 14306 | Lair:5   | 14306 ||| INVOKING Heroism.
 14316 | Lair:5   | Reached skill level 7 in Shields
 14352 | Lair:5   | 14352 ||| SWAPPING to +3 morningstar of freezing.
 14355 | Lair:5   | 14355 ||| SWAPPING to +8 mithril axe "Arga" {speed, Will+}.
 14512 | Lair:5   | Noticed Kirke
 14513 | Lair:5   | 14513 ||| INVOKING Heroism.
 14541 | Lair:5   | Killed Kirke
 14542 | Lair:5   | Reached skill level 6 in Throwing
 14601 | Lair:5   | 14601 ||| Stepping ~*~*~tactically~*~*~ (stealth).
 14603 | Lair:5   | 14603 ||| Stepping ~*~*~tactically~*~*~ (stealth).
 14605 | Lair:5   | 14605 ||| Stepping ~*~*~tactically~*~*~ (stealth).
 14607 | Lair:5   | 14607 ||| Stepping ~*~*~tactically~*~*~ (stealth).
 14609 | Lair:5   | 14609 ||| Stepping ~*~*~tactically~*~*~ (stealth).
 14611 | Lair:5   | 14611 ||| Stepping ~*~*~tactically~*~*~ (stealth).
 14613 | Lair:5   | 14613 ||| Stepping ~*~*~tactically~*~*~ (stealth).
 14615 | Lair:5   | 14615 ||| Stepping ~*~*~tactically~*~*~ (stealth).
 14617 | Lair:5   | 14617 ||| Stepping ~*~*~tactically~*~*~ (stealth).
 14619 | Lair:5   | 14619 ||| Stepping ~*~*~tactically~*~*~ (stealth).
 14621 | Lair:5   | 14621 ||| Stepping ~*~*~tactically~*~*~ (stealth).
 14623 | Lair:5   | 14623 ||| Stepping ~*~*~tactically~*~*~ (stealth).
 14625 | Lair:5   | 14625 ||| Stepping ~*~*~tactically~*~*~ (stealth).
 14627 | Lair:5   | 14627 ||| Stepping ~*~*~tactically~*~*~ (stealth).
 14629 | Lair:5   | 14629 ||| Stepping ~*~*~tactically~*~*~ (stealth).
 14631 | Lair:5   | 14631 ||| Stepping ~*~*~tactically~*~*~ (stealth).
 14633 | Lair:5   | 14633 ||| Stepping ~*~*~tactically~*~*~ (stealth).
 14635 | Lair:5   | 14635 ||| Stepping ~*~*~tactically~*~*~ (stealth).
 14637 | Lair:5   | 14637 ||| Stepping ~*~*~tactically~*~*~ (stealth).
 14639 | Lair:5   | 14639 ||| Stepping ~*~*~tactically~*~*~ (stealth).
 14641 | Lair:5   | 14641 ||| Stepping ~*~*~tactically~*~*~ (stealth).
 14643 | Lair:5   | 14643 ||| Stepping ~*~*~tactically~*~*~ (stealth).
 14645 | Lair:5   | 14645 ||| Stepping ~*~*~tactically~*~*~ (hiding).
 14646 | Lair:5   | 14646 ||| Stepping ~*~*~tactically~*~*~ (hiding).
 14969 | Lair:5   | 14969 ||| Stepping ~*~*~tactically~*~*~ (stealth).
 14979 | Lair:5   | 14979 ||| INVOKING Heroism.
 15090 | Lair:5   | 15090 ||| PLANNING D:1-11
 15090 | Lair:5   | 15090 ||| UPGRADING to amulet of faith.
 15100 | Lair:5   | 15100 ||| READING scroll labelled YNLOF LAISMEL.
 15243 | D:11     | 15243 ||| Stepping ~*~*~tactically~*~*~ (stealth).
 15245 | D:11     | 15245 ||| Stepping ~*~*~tactically~*~*~ (stealth).
 15247 | D:11     | 15247 ||| Stepping ~*~*~tactically~*~*~ (stealth).
 15249 | D:11     | 15249 ||| Stepping ~*~*~tactically~*~*~ (hiding).
 15310 | D:11     | 15310 ||| Stepping ~*~*~tactically~*~*~ (stealth).
 15348 | D:11     | 15348 ||| Stepping ~*~*~tactically~*~*~ (hiding).
 15504 | D:11     | 15504 ||| INVOKING Heroism.
 15539 | D:11     | Received a gift from Okawaru
 15635 | D:11     | 15635 ||| Stepping ~*~*~tactically~*~*~ (stealth).
 15637 | D:11     | 15637 ||| Stepping ~*~*~tactically~*~*~ (stealth).
 15647 | D:11     | 15647 ||| Stepping ~*~*~tactically~*~*~ (stealth).
 15649 | D:11     | 15649 ||| Stepping ~*~*~tactically~*~*~ (stealth).
 15651 | D:11     | 15651 ||| Stepping ~*~*~tactically~*~*~ (stealth).
 15653 | D:11     | 15653 ||| Stepping ~*~*~tactically~*~*~ (stealth).
 15655 | D:11     | 15655 ||| Stepping ~*~*~tactically~*~*~ (stealth).
 15657 | D:11     | 15657 ||| Stepping ~*~*~tactically~*~*~ (stealth).
 15659 | D:11     | 15659 ||| Stepping ~*~*~tactically~*~*~ (stealth).
 15661 | D:11     | 15661 ||| Stepping ~*~*~tactically~*~*~ (stealth).
 15663 | D:11     | 15663 ||| Stepping ~*~*~tactically~*~*~ (hiding).
 15665 | D:11     | 15665 ||| Stepping ~*~*~tactically~*~*~ (hiding).
 15677 | D:11     | 15677 ||| Stepping ~*~*~tactically~*~*~ (hiding).
 15678 | D:11     | 15678 ||| Stepping ~*~*~tactically~*~*~ (hiding).
 15861 | D:11     | 15861 ||| Stepping ~*~*~tactically~*~*~ (stealth).
 15873 | D:11     | Reached skill level 15 in Axes
 15890 | D:11     | 15890 ||| Stepping ~*~*~tactically~*~*~ (stealth).
 15892 | D:11     | 15892 ||| Stepping ~*~*~tactically~*~*~ (stealth).
 15894 | D:11     | 15894 ||| Stepping ~*~*~tactically~*~*~ (stealth).
 15896 | D:11     | 15896 ||| Stepping ~*~*~tactically~*~*~ (stealth).
 15898 | D:11     | 15898 ||| Stepping ~*~*~tactically~*~*~ (stealth).
 15899 | D:11     | 15899 ||| Stepping ~*~*~tactically~*~*~ (stealth).
 15901 | D:11     | 15901 ||| INVOKING Heroism.
 15921 | D:11     | 15921 ||| Stepping ~*~*~tactically~*~*~ (hiding).
 15922 | D:11     | 15922 ||| Stepping ~*~*~tactically~*~*~ (hiding).
 15930 | D:11     | 15930 ||| Stepping ~*~*~tactically~*~*~ (hiding).
 15942 | D:11     | Found a staircase to the Orcish Mines.
 16102 | D:11     | 16102 ||| Stepping ~*~*~tactically~*~*~ (stealth).
 16104 | D:11     | 16104 ||| Stepping ~*~*~tactically~*~*~ (stealth).
 16106 | D:11     | 16106 ||| Stepping ~*~*~tactically~*~*~ (stealth).
 16108 | D:11     | 16108 ||| Stepping ~*~*~tactically~*~*~ (stealth).
 16110 | D:11     | 16110 ||| Stepping ~*~*~tactically~*~*~ (stealth).
 16112 | D:11     | 16112 ||| Stepping ~*~*~tactically~*~*~ (stealth).
 16114 | D:11     | 16114 ||| Stepping ~*~*~tactically~*~*~ (stealth).
 16116 | D:11     | 16116 ||| Stepping ~*~*~tactically~*~*~ (stealth).
 16118 | D:11     | 16118 ||| Stepping ~*~*~tactically~*~*~ (stealth).
 16120 | D:11     | 16120 ||| Stepping ~*~*~tactically~*~*~ (stealth).
 16122 | D:11     | 16122 ||| Stepping ~*~*~tactically~*~*~ (stealth).
 16124 | D:11     | 16124 ||| Stepping ~*~*~tactically~*~*~ (stealth).
 16126 | D:11     | 16126 ||| Stepping ~*~*~tactically~*~*~ (stealth).
 16128 | D:11     | 16128 ||| Stepping ~*~*~tactically~*~*~ (stealth).
 16130 | D:11     | 16130 ||| Stepping ~*~*~tactically~*~*~ (stealth).
 16132 | D:11     | 16132 ||| Stepping ~*~*~tactically~*~*~ (stealth).
 16134 | D:11     | 16134 ||| Stepping ~*~*~tactically~*~*~ (stealth).
 16136 | D:11     | 16136 ||| Stepping ~*~*~tactically~*~*~ (stealth).
 16138 | D:11     | 16138 ||| Stepping ~*~*~tactically~*~*~ (stealth).
 16140 | D:11     | 16140 ||| Stepping ~*~*~tactically~*~*~ (stealth).
 16142 | D:11     | 16142 ||| Stepping ~*~*~tactically~*~*~ (stealth).
 16144 | D:11     | 16144 ||| Stepping ~*~*~tactically~*~*~ (stealth).
 16146 | D:11     | 16146 ||| Stepping ~*~*~tactically~*~*~ (stealth).
 16148 | D:11     | 16148 ||| Stepping ~*~*~tactically~*~*~ (stealth).
 16150 | D:11     | 16150 ||| Stepping ~*~*~tactically~*~*~ (stealth).
 16152 | D:11     | 16152 ||| Stepping ~*~*~tactically~*~*~ (stealth).
 16154 | D:11     | 16154 ||| Stepping ~*~*~tactically~*~*~ (stealth).
 16239 | D:11     | Noticed Urug
 16240 | D:11     | 16240 ||| Stepping ~*~*~tactically~*~*~ (stealth).
 16242 | D:11     | 16242 ||| Stepping ~*~*~tactically~*~*~ (stealth).
 16244 | D:11     | 16244 ||| Stepping ~*~*~tactically~*~*~ (stealth).
 16246 | D:11     | 16246 ||| Stepping ~*~*~tactically~*~*~ (stealth).
 16248 | D:11     | 16248 ||| Stepping ~*~*~tactically~*~*~ (hiding).
 16249 | D:11     | 16249 ||| Stepping ~*~*~tactically~*~*~ (hiding).
 16252 | D:11     | 16252 ||| INVOKING Heroism.
 16253 | D:11     | 16253 ||| INVOKING Finesse.
 16260 | D:11     | Killed Urug
 16301 | D:11     | 16301 ||| DROPPING +3 morningstar of freezing.
 16398 | D:11     | 16398 ||| PLANNING D
 16398 | D:11     | 16398 ||| DROPPING +0 pair of gloves of infusion.
 16399 | D:11     | 16399 ||| DRINKING 2 blue potions.
 16504 | D:11     | 16504 ||| DROPPING potion of berserk rage.
 16536 | D:12     | 16536 ||| INVOKING Heroism.
 16555 | D:12     | Reached skill level 12 in Armour
 16637 | D:12     | 16637 ||| Stepping ~*~*~tactically~*~*~ (stealth).
 16638 | D:12     | 16638 ||| Stepping ~*~*~tactically~*~*~ (stealth).
 16741 | D:12     | 16741 ||| Stepping ~*~*~tactically~*~*~ (stealth).
 16743 | D:12     | 16743 ||| Stepping ~*~*~tactically~*~*~ (stealth).
 16940 | D:12     | Found a sacrificial altar of Ru.
 16941 | D:12     | 16941 ||| Stepping ~*~*~tactically~*~*~ (stealth).
 16947 | D:12     | Found a runed translucent door.
 16950 | D:12     | 16950 ||| Stepping ~*~*~tactically~*~*~ (stealth).
 16952 | D:12     | 16952 ||| Stepping ~*~*~tactically~*~*~ (stealth).
 16954 | D:12     | 16954 ||| Stepping ~*~*~tactically~*~*~ (stealth).
 16956 | D:12     | 16956 ||| Stepping ~*~*~tactically~*~*~ (stealth).
 16958 | D:12     | 16958 ||| Stepping ~*~*~tactically~*~*~ (stealth).
 16960 | D:12     | 16960 ||| Stepping ~*~*~tactically~*~*~ (stealth).
 16962 | D:12     | 16962 ||| Stepping ~*~*~tactically~*~*~ (stealth).
 16964 | D:12     | 16964 ||| Stepping ~*~*~tactically~*~*~ (stealth).
 16966 | D:12     | 16966 ||| Stepping ~*~*~tactically~*~*~ (stealth).
 16968 | D:12     | 16968 ||| Stepping ~*~*~tactically~*~*~ (stealth).
 16970 | D:12     | 16970 ||| Stepping ~*~*~tactically~*~*~ (stealth).
 16972 | D:12     | 16972 ||| Stepping ~*~*~tactically~*~*~ (stealth).
 16974 | D:12     | 16974 ||| Stepping ~*~*~tactically~*~*~ (stealth).
 16976 | D:12     | 16976 ||| Stepping ~*~*~tactically~*~*~ (stealth).
 16978 | D:12     | 16978 ||| Stepping ~*~*~tactically~*~*~ (stealth).
 16980 | D:12     | 16980 ||| Stepping ~*~*~tactically~*~*~ (stealth).
 16982 | D:12     | 16982 ||| Stepping ~*~*~tactically~*~*~ (stealth).
 16984 | D:12     | 16984 ||| Stepping ~*~*~tactically~*~*~ (stealth).
 16986 | D:12     | 16986 ||| Stepping ~*~*~tactically~*~*~ (stealth).
 16988 | D:12     | 16988 ||| Stepping ~*~*~tactically~*~*~ (stealth).
 16990 | D:12     | 16990 ||| Stepping ~*~*~tactically~*~*~ (stealth).
 16992 | D:12     | 16992 ||| Stepping ~*~*~tactically~*~*~ (stealth).
 16994 | D:12     | 16994 ||| Stepping ~*~*~tactically~*~*~ (stealth).
 16996 | D:12     | 16996 ||| Stepping ~*~*~tactically~*~*~ (stealth).
 17051 | D:12     | 17051 ||| Stepping ~*~*~tactically~*~*~ (stealth).
 17053 | D:12     | 17053 ||| Stepping ~*~*~tactically~*~*~ (stealth).
 17055 | D:12     | 17055 ||| Stepping ~*~*~tactically~*~*~ (stealth).
 17057 | D:12     | 17057 ||| Stepping ~*~*~tactically~*~*~ (stealth).
 17059 | D:12     | 17059 ||| Stepping ~*~*~tactically~*~*~ (stealth).
 17061 | D:12     | 17061 ||| Stepping ~*~*~tactically~*~*~ (stealth).
 17063 | D:12     | 17063 ||| Stepping ~*~*~tactically~*~*~ (stealth).
 17065 | D:12     | 17065 ||| Stepping ~*~*~tactically~*~*~ (stealth).
 17067 | D:12     | 17067 ||| Stepping ~*~*~tactically~*~*~ (stealth).
 17069 | D:12     | 17069 ||| Stepping ~*~*~tactically~*~*~ (stealth).
 17071 | D:12     | 17071 ||| Stepping ~*~*~tactically~*~*~ (stealth).
 17073 | D:12     | 17073 ||| Stepping ~*~*~tactically~*~*~ (stealth).
 17075 | D:12     | 17075 ||| Stepping ~*~*~tactically~*~*~ (stealth).
 17077 | D:12     | 17077 ||| Stepping ~*~*~tactically~*~*~ (stealth).
 17079 | D:12     | 17079 ||| Stepping ~*~*~tactically~*~*~ (stealth).
 17081 | D:12     | 17081 ||| Stepping ~*~*~tactically~*~*~ (stealth).
 17083 | D:12     | 17083 ||| Stepping ~*~*~tactically~*~*~ (stealth).
 17085 | D:12     | 17085 ||| Stepping ~*~*~tactically~*~*~ (stealth).
 17087 | D:12     | 17087 ||| Stepping ~*~*~tactically~*~*~ (stealth).
 17089 | D:12     | 17089 ||| Stepping ~*~*~tactically~*~*~ (stealth).
 17091 | D:12     | 17091 ||| Stepping ~*~*~tactically~*~*~ (stealth).
 17093 | D:12     | 17093 ||| Stepping ~*~*~tactically~*~*~ (stealth).
 17095 | D:12     | 17095 ||| Stepping ~*~*~tactically~*~*~ (stealth).
 17097 | D:12     | 17097 ||| Stepping ~*~*~tactically~*~*~ (stealth).
 17099 | D:12     | 17099 ||| Stepping ~*~*~tactically~*~*~ (stealth).
 17101 | D:12     | 17101 ||| Stepping ~*~*~tactically~*~*~ (stealth).
 17103 | D:12     | 17103 ||| Stepping ~*~*~tactically~*~*~ (stealth).
 17105 | D:12     | 17105 ||| Stepping ~*~*~tactically~*~*~ (stealth).
 17107 | D:12     | 17107 ||| Stepping ~*~*~tactically~*~*~ (stealth).
 17109 | D:12     | 17109 ||| Stepping ~*~*~tactically~*~*~ (stealth).
 17111 | D:12     | 17111 ||| Stepping ~*~*~tactically~*~*~ (stealth).
 17113 | D:12     | 17113 ||| Stepping ~*~*~tactically~*~*~ (stealth).
 17115 | D:12     | 17115 ||| Stepping ~*~*~tactically~*~*~ (stealth).
 17117 | D:12     | 17117 ||| Stepping ~*~*~tactically~*~*~ (stealth).
 17119 | D:12     | 17119 ||| Stepping ~*~*~tactically~*~*~ (stealth).
 17121 | D:12     | 17121 ||| Stepping ~*~*~tactically~*~*~ (stealth).
 17123 | D:12     | 17123 ||| Stepping ~*~*~tactically~*~*~ (stealth).
 17125 | D:12     | 17125 ||| Stepping ~*~*~tactically~*~*~ (stealth).
 17127 | D:12     | 17127 ||| Stepping ~*~*~tactically~*~*~ (stealth).
 17129 | D:12     | 17129 ||| Stepping ~*~*~tactically~*~*~ (stealth).
 17131 | D:12     | 17131 ||| Stepping ~*~*~tactically~*~*~ (stealth).
 17133 | D:12     | 17133 ||| Stepping ~*~*~tactically~*~*~ (stealth).
 17135 | D:12     | 17135 ||| Stepping ~*~*~tactically~*~*~ (stealth).
 17137 | D:12     | 17137 ||| Stepping ~*~*~tactically~*~*~ (stealth).
 17139 | D:12     | 17139 ||| Stepping ~*~*~tactically~*~*~ (stealth).
 17141 | D:12     | 17141 ||| Stepping ~*~*~tactically~*~*~ (stealth).
 17143 | D:12     | 17143 ||| Stepping ~*~*~tactically~*~*~ (stealth).
 17145 | D:12     | 17145 ||| Stepping ~*~*~tactically~*~*~ (stealth).
 17147 | D:12     | 17147 ||| Stepping ~*~*~tactically~*~*~ (stealth).
 17149 | D:12     | 17149 ||| Stepping ~*~*~tactically~*~*~ (stealth).
 17151 | D:12     | 17151 ||| Stepping ~*~*~tactically~*~*~ (stealth).
 17153 | D:12     | 17153 ||| Stepping ~*~*~tactically~*~*~ (stealth).
 17155 | D:12     | 17155 ||| Stepping ~*~*~tactically~*~*~ (stealth).
 17157 | D:12     | 17157 ||| Stepping ~*~*~tactically~*~*~ (stealth).
 17159 | D:12     | 17159 ||| Stepping ~*~*~tactically~*~*~ (stealth).
 17161 | D:12     | 17161 ||| Stepping ~*~*~tactically~*~*~ (stealth).
 17163 | D:12     | 17163 ||| Stepping ~*~*~tactically~*~*~ (stealth).
 17165 | D:12     | 17165 ||| Stepping ~*~*~tactically~*~*~ (stealth).
 17167 | D:12     | 17167 ||| Stepping ~*~*~tactically~*~*~ (stealth).
 17169 | D:12     | 17169 ||| Stepping ~*~*~tactically~*~*~ (stealth).
 17175 | D:12     | 17175 ||| Stepping ~*~*~tactically~*~*~ (stealth).
 17177 | D:12     | 17177 ||| Stepping ~*~*~tactically~*~*~ (stealth).
 17179 | D:12     | 17179 ||| Stepping ~*~*~tactically~*~*~ (stealth).
 17182 | D:12     | 17182 ||| Stepping ~*~*~tactically~*~*~ (stealth).
 17184 | D:12     | 17184 ||| Stepping ~*~*~tactically~*~*~ (stealth).
 17186 | D:12     | 17186 ||| Stepping ~*~*~tactically~*~*~ (stealth).
 17188 | D:12     | 17188 ||| Stepping ~*~*~tactically~*~*~ (stealth).
 17190 | D:12     | 17190 ||| Stepping ~*~*~tactically~*~*~ (stealth).
 17192 | D:12     | 17192 ||| Stepping ~*~*~tactically~*~*~ (stealth).
 17214 | D:12     | Reached skill level 12 in Fighting
 17297 | D:12     | 17297 ||| Stepping ~*~*~tactically~*~*~ (stealth).
 17306 | D:12     | Received a gift from Okawaru
 17668 | D:12     | Found Lemm's Magic Scroll Shoppe.
 17672 | D:12     | 17672 ||| BUYING scroll of enchant armour (90 gold).
 17672 | D:12     | Bought a scroll of enchant armour for 90 gold pieces
 17672 | D:12     | 17672 ||| BUYING scroll of enchant weapon (90 gold).
 17672 | D:12     | Bought a scroll of enchant weapon for 90 gold pieces
 17672 | D:12     | 17672 ||| BUYING scroll of identify (24 gold).
 17672 | D:12     | Bought a scroll of identify for 24 gold pieces
 17672 | D:12     | 17672 ||| BUYING scroll of identify (24 gold).
 17672 | D:12     | Bought a scroll of identify for 24 gold pieces
 17672 | D:12     | 17672 ||| BUYING scroll of identify (24 gold).
 17672 | D:12     | Bought a scroll of identify for 24 gold pieces
 17672 | D:12     | 17672 ||| READING scroll of enchant armour.
 17672 | D:12     | 17672 ||| ENCHANTING +1 helmet.
 18049 | D:13     | 18049 ||| Stepping ~*~*~tactically~*~*~ (stealth).
 18051 | D:13     | 18051 ||| Stepping ~*~*~tactically~*~*~ (stealth).
 18053 | D:13     | 18053 ||| Stepping ~*~*~tactically~*~*~ (stealth).
 18055 | D:13     | 18055 ||| Stepping ~*~*~tactically~*~*~ (hiding).
 18088 | D:13     | 18088 ||| Stepping ~*~*~tactically~*~*~ (stealth).
 18090 | D:13     | 18090 ||| Stepping ~*~*~tactically~*~*~ (stealth).
 18093 | D:13     | 18093 ||| Stepping ~*~*~tactically~*~*~ (hiding).
 18098 | D:13     | 18098 ||| Stepping ~*~*~tactically~*~*~ (hiding).
 18099 | D:13     | 18099 ||| INVOKING Heroism.
 18198 | D:13     | 18198 ||| READING scroll of enchant armour.
 18198 | D:13     | 18198 ||| ENCHANTING +0 shadow dragon scales.
 18212 | D:13     | Received a gift from Okawaru
 18290 | D:13     | 18290 ||| Stepping ~*~*~tactically~*~*~ (stealth).
 18291 | D:13     | 18291 ||| Stepping ~*~*~tactically~*~*~ (stealth).
 18374 | D:13     | 18374 ||| INVOKING Heroism.
 18375 | D:13     | 18375 ||| INVOKING Finesse.
 18548 | D:13     | 18548 ||| Stepping ~*~*~tactically~*~*~ (stealth).
 18550 | D:13     | 18550 ||| Stepping ~*~*~tactically~*~*~ (stealth).
 18574 | D:13     | 18574 ||| Stepping ~*~*~tactically~*~*~ (stealth).
 18581 | D:13     | 18581 ||| Stepping ~*~*~tactically~*~*~ (stealth).
 18582 | D:13     | 18582 ||| Stepping ~*~*~tactically~*~*~ (stealth).
 18587 | D:13     | 18587 ||| Stepping ~*~*~tactically~*~*~ (stealth).
 18589 | D:13     | 18589 ||| Stepping ~*~*~tactically~*~*~ (stealth).
 18591 | D:13     | 18591 ||| Stepping ~*~*~tactically~*~*~ (stealth).
 18593 | D:13     | 18593 ||| Stepping ~*~*~tactically~*~*~ (stealth).
 18594 | D:13     | 18594 ||| Stepping ~*~*~tactically~*~*~ (stealth).
 18596 | D:13     | 18596 ||| Stepping ~*~*~tactically~*~*~ (stealth).
 18597 | D:13     | 18597 ||| Stepping ~*~*~tactically~*~*~ (stealth).
 18601 | D:13     | 18601 ||| Stepping ~*~*~tactically~*~*~ (stealth).
 18602 | D:13     | 18602 ||| Stepping ~*~*~tactically~*~*~ (stealth).
 18605 | D:13     | 18605 ||| Stepping ~*~*~tactically~*~*~ (stealth).
 18607 | D:13     | 18607 ||| Stepping ~*~*~tactically~*~*~ (stealth).
 18609 | D:13     | 18609 ||| Stepping ~*~*~tactically~*~*~ (stealth).
 18610 | D:13     | 18610 ||| Stepping ~*~*~tactically~*~*~ (stealth).
 18755 | D:13     | 18755 ||| Stepping ~*~*~tactically~*~*~ (stealth).
 18764 | D:13     | Reached XP level 15. HP: 96/96 MP: 22/22
 18972 | D:13     | 18972 ||| Stepping ~*~*~tactically~*~*~ (stealth).
 18974 | D:13     | 18974 ||| Stepping ~*~*~tactically~*~*~ (stealth).
 18976 | D:13     | 18976 ||| Stepping ~*~*~tactically~*~*~ (stealth).
 18978 | D:13     | 18978 ||| Stepping ~*~*~tactically~*~*~ (stealth).
 18983 | D:13     | 18983 ||| Stepping ~*~*~tactically~*~*~ (stealth).
 18984 | D:13     | Received a gift from Okawaru
 18986 | D:13     | 18986 ||| Stepping ~*~*~tactically~*~*~ (stealth).
 18992 | D:13     | 18992 ||| FLEEEEING.
 18993 | D:13     | 18993 ||| FLEEEEING.
 18994 | D:13     | 18994 ||| FLEEEEING.
 18995 | D:13     | 18995 ||| FLEEEEING.
 18996 | D:13     | 18996 ||| FLEEEEING.
 18997 | D:13     | 18997 ||| FLEEEEING.
 18998 | D:13     | 18998 ||| FLEEEEING.
 18999 | D:13     | 18999 ||| FLEEEEING.
 19000 | D:13     | 19000 ||| FLEEEEING.
 19005 | D:13     | 19005 ||| FLEEEEING.
 19006 | D:13     | 19006 ||| FLEEEEING.
 19007 | D:13     | 19007 ||| FLEEEEING.
 19008 | D:13     | 19008 ||| FLEEEEING.
 19009 | D:13     | 19009 ||| FLEEEEING.
 19010 | D:13     | 19010 ||| FLEEEEING.
 19014 | D:13     | 19014 ||| STAIRDANCE
 19509 | D:14     | 19509 ||| Stepping ~*~*~tactically~*~*~ (stealth).
 19511 | D:14     | 19511 ||| Stepping ~*~*~tactically~*~*~ (stealth).
 19516 | D:14     | 19516 ||| Stepping ~*~*~tactically~*~*~ (stealth).
 19528 | D:14     | 19528 ||| Stepping ~*~*~tactically~*~*~ (stealth).
 19530 | D:14     | 19530 ||| Stepping ~*~*~tactically~*~*~ (stealth).
 19532 | D:14     | 19532 ||| Stepping ~*~*~tactically~*~*~ (stealth).
 19534 | D:14     | 19534 ||| Stepping ~*~*~tactically~*~*~ (stealth).
 19536 | D:14     | 19536 ||| Stepping ~*~*~tactically~*~*~ (stealth).
 19538 | D:14     | 19538 ||| Stepping ~*~*~tactically~*~*~ (stealth).
 19540 | D:14     | 19540 ||| Stepping ~*~*~tactically~*~*~ (hiding).
 19607 | D:14     | 19607 ||| Stepping ~*~*~tactically~*~*~ (stealth).
 19609 | D:14     | 19609 ||| Stepping ~*~*~tactically~*~*~ (stealth).
 19611 | D:14     | 19611 ||| Stepping ~*~*~tactically~*~*~ (stealth).
 19613 | D:14     | 19613 ||| Stepping ~*~*~tactically~*~*~ (stealth).
 19698 | D:14     | 19698 ||| Stepping ~*~*~tactically~*~*~ (stealth).
 19830 | D:14     | 19830 ||| Stepping ~*~*~tactically~*~*~ (hiding).
 19832 | D:14     | 19832 ||| Stepping ~*~*~tactically~*~*~ (hiding).
 19861 | D:14     | Found Viwej's Antique Armour Shoppe.
 19881 | D:14     | Reached skill level 8 in Shields
 19884 | D:14     | 19884 ||| INVOKING Heroism.
 19995 | D:14     | 19995 ||| BUYING embroidered cloak (225 gold).
 19995 | D:14     | Bought an embroidered cloak for 225 gold pieces
 19995 | D:14     | 19995 ||| BUYING slimy cloak (285 gold).
 19995 | D:14     | Bought a slimy cloak for 285 gold pieces
 19995 | D:14     | Identified the +1 cloak of Fortitude {rCorr Str+3} (You
                  | bought it in a shop on level 14 of the Dungeon)
 19995 | D:14     | 19995 ||| BUYING smoking chain mail (285 gold).
 19995 | D:14     | Bought a smoking chain mail for 285 gold pieces
 19995 | D:14     | Identified the +6 chain mail of the Land of Plenty {rC++
                  | Dex+3} (You bought it in a shop on level 14 of the Dungeon)
 20251 | D:14     | Found an opulent altar of Gozag.
 20313 | D:14     | 20313 ||| Stepping ~*~*~tactically~*~*~ (stealth).
 20316 | D:14     | 20316 ||| Stepping ~*~*~tactically~*~*~ (stealth).
 20376 | D:14     | 20376 ||| Stepping ~*~*~tactically~*~*~ (stealth).
 20378 | D:14     | 20378 ||| Stepping ~*~*~tactically~*~*~ (stealth).
 20652 | D:14     | 20652 ||| Stepping ~*~*~tactically~*~*~ (stealth).
 20654 | D:14     | 20654 ||| Stepping ~*~*~tactically~*~*~ (stealth).
 20656 | D:14     | 20656 ||| Stepping ~*~*~tactically~*~*~ (stealth).
 20658 | D:14     | 20658 ||| Stepping ~*~*~tactically~*~*~ (stealth).
 20665 | D:14     | Identified the +1 kite shield "Lupnu" {Will+} (Okawaru
                  | gifted it to you on level 14 of the Dungeon)
 20665 | D:14     | Received a gift from Okawaru
 20764 | D:14     | Found a gate to the Vaults.
 20774 | D:14     | 20774 ||| INVOKING Heroism.
 20907 | D:14     | 20907 ||| DROPPING +2 war axe of venom.
 21117 | D:14     | 21117 ||| DROPPING +1 cloak.
 21118 | D:14     | 21118 ||| UPGRADING to +1 cloak of Fortitude {rCorr Str+3}.
 21128 | D:14     | 21128 ||| DROPPING -1 cloak "Boal" {rElec Str+3}.
 21129 | D:14     | 21129 ||| UPGRADING to +6 chain mail of the Land of Plenty
                  | {rC++ Dex+3}.
 21139 | D:14     | 21139 ||| UPGRADING to +1 kite shield "Lupnu" {Will+}.
 21149 | D:14     | 21149 ||| DROPPING +0 buckler.
 21150 | D:14     | 21150 ||| READING 2 scrolls labelled NEUCAU SOFEWI.
 21151 | D:14     | 21151 ||| DROPPING scroll of immolation.
 21165 | D:15     | Entered Level 15 of the Dungeon
 21425 | D:15     | 21425 ||| FLEEEEING.
 21425 | D:15     | Noticed Josephine
 21426 | D:15     | 21426 ||| FLEEEEING.
 21427 | D:15     | 21427 ||| FLEEEEING.
 21428 | D:15     | 21428 ||| FLEEEEING.
 21429 | D:15     | 21429 ||| FLEEEEING.
 21430 | D:15     | 21430 ||| FLEEEEING.
 21431 | D:15     | 21431 ||| FLEEEEING.
 21434 | D:15     | 21434 ||| FLEEEEING.
 21435 | D:15     | 21435 ||| FLEEEEING.
 21436 | D:15     | 21436 ||| FLEEEEING.
 21437 | D:15     | 21437 ||| FLEEEEING.
 21438 | D:15     | 21438 ||| FLEEEEING.
 21439 | D:15     | 21439 ||| FLEEEEING.
 21440 | D:15     | 21440 ||| FLEEEEING.
 21441 | D:15     | 21441 ||| FLEEEEING.
 21446 | D:15     | Reached skill level 9 in Shields
 21447 | D:15     | 21447 ||| Stepping ~*~*~tactically~*~*~ (hiding).
 21451 | D:15     | 21451 ||| Stepping ~*~*~tactically~*~*~ (hiding).
 21496 | D:15     | Found Ustriudgh's Book Shop.
 21530 | D:15     | Found a hazy altar of Hepliaklqana.
 21557 | D:15     | 21557 ||| Stepping ~*~*~tactically~*~*~ (hiding).
 21559 | D:15     | 21559 ||| Stepping ~*~*~tactically~*~*~ (stealth).
 21560 | D:15     | 21560 ||| Stepping ~*~*~tactically~*~*~ (hiding).
 21566 | D:15     | Killed Josephine
 21637 | D:15     | Found a staircase to the Depths.
 21638 | D:15     | 21638 ||| INVOKING Heroism.
 21691 | D:15     | 21691 ||| INVOKING Heroism.
 21692 | D:15     | 21692 ||| Stepping ~*~*~tactically~*~*~ (stealth).
 21709 | D:15     | Reached skill level 10 in Shields
 21763 | D:15     | Identified the +2 leather armour "Jiczipua" {-Tele rPois
                  | rF++ Will+++}
 21834 | D:15     | 21834 ||| Stepping ~*~*~tactically~*~*~ (stealth).
 21835 | D:15     | 21835 ||| Stepping ~*~*~tactically~*~*~ (stealth).
 21965 | D:15     | Reached skill level 11 in Shields
 22155 | D:15     | Reached ****** piety under Okawaru
 22155 | D:15     | Received a gift from Okawaru
 22249 | D:15     | 22249 ||| PLANNING ORC
 22348 | Orc:1    | Entered Level 1 of the Orcish Mines
 22586 | Orc:1    | 22586 ||| Stepping ~*~*~tactically~*~*~ (hiding).
 22754 | Orc:1    | 22754 ||| Stepping ~*~*~tactically~*~*~ (stealth).
 22757 | Orc:1    | 22757 ||| Stepping ~*~*~tactically~*~*~ (hiding).
 22758 | Orc:1    | 22758 ||| Stepping ~*~*~tactically~*~*~ (hiding).
 22760 | Orc:1    | 22760 ||| Stepping ~*~*~tactically~*~*~ (hiding).
 22968 | Orc:2    | Entered Level 2 of the Orcish Mines
 22992 | Orc:2    | 22992 ||| Stepping ~*~*~tactically~*~*~ (stealth).
 23007 | Orc:2    | Identified the +0 robe of Festooned Mirth {rF+ rC+ Stlth+}
                  | (Okawaru gifted it to you on level 2 of the Orcish Mines)
 23007 | Orc:2    | Received a gift from Okawaru
 23031 | Orc:2    | 23031 ||| Stepping ~*~*~tactically~*~*~ (stealth).
 23032 | Orc:2    | 23032 ||| Stepping ~*~*~tactically~*~*~ (stealth).
 23036 | Orc:2    | Reached XP level 16. HP: 94/101 MP: 23/23
 23039 | Orc:2    | 23039 ||| Stepping ~*~*~tactically~*~*~ (hiding).
 23043 | Orc:2    | 23043 ||| INVOKING Heroism.
 23073 | Orc:2    | Reached skill level 12 in Shields
 23090 | Orc:2    | 23090 ||| FLEEEEING.
 23091 | Orc:2    | 23091 ||| FLEEEEING.
 23096 | Orc:2    | 23096 ||| INVOKING Heroism.
 23119 | Orc:2    | 23119 ||| Stepping ~*~*~tactically~*~*~ (hiding).
 23121 | Orc:2    | 23121 ||| Stepping ~*~*~tactically~*~*~ (hiding).
 23143 | Orc:2    | 23143 ||| FLEEEEING.
 23144 | Orc:2    | 23144 ||| FLEEEEING.
 23145 | Orc:2    | 23145 ||| FLEEEEING.
 23148 | Orc:2    | 23148 ||| FLEEEEING.
 23149 | Orc:2    | 23149 ||| FLEEEEING.
 23150 | Orc:2    | 23150 ||| FLEEEEING.
 23151 | Orc:2    | 23151 ||| FLEEEEING.
 23152 | Orc:2    | 23152 ||| FLEEEEING.
 23153 | Orc:2    | 23153 ||| FLEEEEING.
 23154 | Orc:2    | 23154 ||| STAIRDANCE
 23238 | Orc:2    | 23238 ||| Stepping ~*~*~tactically~*~*~ (stealth).
 23275 | Orc:2    | Found Vimuram's Antique Armour Boutique.
 23275 | Orc:2    | Found Unlin's Magic Scroll Emporium.
 23281 | Orc:2    | Found Sef Fick's General Store.
 23281 | Orc:2    | Found Utuics's Magic Scroll Boutique.
 23295 | Orc:2    | 23295 ||| BUYING scroll of enchant weapon (105 gold).
 23295 | Orc:2    | Bought a scroll of enchant weapon for 105 gold pieces
 23295 | Orc:2    | 23295 ||| BUYING scroll of teleportation (42 gold).
 23295 | Orc:2    | Bought a scroll of teleportation for 42 gold pieces
 23295 | Orc:2    | 23295 ||| BUYING scroll of teleportation (42 gold).
 23295 | Orc:2    | Bought a scroll of teleportation for 42 gold pieces
 23295 | Orc:2    | 23295 ||| BUYING scroll of teleportation (42 gold).
 23295 | Orc:2    | Bought a scroll of teleportation for 42 gold pieces
 23296 | Orc:2    | 23296 ||| BUYING scroll of enchant weapon (120 gold).
 23296 | Orc:2    | Bought a scroll of enchant weapon for 120 gold pieces
 23297 | Orc:2    | 23297 ||| BUYING potion of heal wounds (60 gold).
 23297 | Orc:2    | Bought a potion of heal wounds for 60 gold pieces
 23298 | Orc:2    | 23298 ||| BUYING diamond-encrusted chain mail (228 gold).
 23298 | Orc:2    | Bought a diamond-encrusted chain mail for 228 gold pieces
 23298 | Orc:2    | Identified the +7 chain mail "Iwnut" {rC+ Int+6 Dex-2} (You
                  | bought it in a shop on level 2 of the Orcish Mines)
 23298 | Orc:2    | 23298 ||| BUYING pair of glowing boots (180 gold).
 23298 | Orc:2    | Bought a pair of glowing boots for 180 gold pieces
 23326 | Orc:2    | 23326 ||| Stepping ~*~*~tactically~*~*~ (stealth).
 23335 | Orc:2    | 23335 ||| INVOKING Heroism.
 23348 | Orc:2    | Reached skill level 13 in Shields
 23378 | Orc:2    | Found a staircase to the Elven Halls.
 23530 | Orc:2    | 23530 ||| PLANNING SHOALS:1-3
 23530 | Orc:2    | 23530 ||| DROPPING +7 chain mail "Iwnut" {rC+ Int+6 Dex-2}.
 23531 | Orc:2    | 23531 ||| DROPPING +0 pair of boots of flying.
 23684 | Shoals:1 | Entered Level 1 of the Shoals
 23874 | Shoals:1 | 23874 ||| INVOKING Heroism.
 23916 | Shoals:1 | 23916 ||| FLEEEEING.
 23917 | Shoals:1 | 23917 ||| FLEEEEING.
 23918 | Shoals:1 | 23918 ||| FLEEEEING.
 23919 | Shoals:1 | 23919 ||| FLEEEEING.
 23920 | Shoals:1 | 23920 ||| FLEEEEING.
 23921 | Shoals:1 | 23921 ||| FLEEEEING.
 23936 | Shoals:1 | 23936 ||| FLEEEEING.
 23937 | Shoals:1 | 23937 ||| FLEEEEING.
 23938 | Shoals:1 | 23938 ||| FLEEEEING.
 23942 | Shoals:1 | 23942 ||| STAIRDANCE
 24316 | Shoals:1 | 24316 ||| Stepping ~*~*~tactically~*~*~ (hiding).
 24527 | Shoals:1 | 24527 ||| Stepping ~*~*~tactically~*~*~ (stealth).
 24532 | Shoals:1 | 24532 ||| INVOKING Heroism.
 24534 | Shoals:1 | 24534 ||| INVOKING Finesse.
 24543 | Shoals:1 | Received a gift from Okawaru
 24558 | Shoals:1 | 24558 ||| Stepping ~*~*~tactically~*~*~ (stealth).
 24560 | Shoals:1 | 24560 ||| Stepping ~*~*~tactically~*~*~ (stealth).
 24588 | Shoals:1 | 24588 ||| INVOKING Finesse.
 24589 | Shoals:1 | 24589 ||| INVOKING Finesse.
 24594 | Shoals:1 | 24594 ||| INVOKING Heroism.
 24669 | Shoals:1 | 24669 ||| INVOKING Heroism.
 24670 | Shoals:1 | 24670 ||| INVOKING Finesse.
 24784 | Shoals:1 | Noticed Louise
 24785 | Shoals:1 | 24785 ||| INVOKING Heroism.
 24786 | Shoals:1 | 24786 ||| INVOKING Finesse.
 24802 | Shoals:1 | Killed Louise
 24852 | Shoals:1 | 24852 ||| INVOKING Heroism.
 24966 | Shoals:1 | 24966 ||| Stepping ~*~*~tactically~*~*~ (hiding).
 24967 | Shoals:1 | 24967 ||| Stepping ~*~*~tactically~*~*~ (hiding).
 24982 | Shoals:1 | 24982 ||| Stepping ~*~*~tactically~*~*~ (hiding).
 24983 | Shoals:1 | 24983 ||| Stepping ~*~*~tactically~*~*~ (hiding).
 24984 | Shoals:1 | 24984 ||| Stepping ~*~*~tactically~*~*~ (hiding).
 25089 | Shoals:1 | Found Cuckisa's Antique Armour Boutique.
 25094 | Shoals:1 | 25094 ||| BUYING runed helmet (210 gold).
 25094 | Shoals:1 | Bought a runed helmet for 210 gold pieces
 25094 | Shoals:1 | 25094 ||| SHOPLISTING runed plate armour (728 gold, have
                  | 584).
 25243 | Shoals:1 | 25243 ||| DROPPING +2 leather armour "Jiczipua" {-Tele
                  | rPois rF++ Will+++}.
 25244 | Shoals:1 | 25244 ||| UPGRADING to +0 tower shield of reflection.
 25254 | Shoals:1 | 25254 ||| DROPPING +1 shadow dragon scales.
 25255 | Shoals:1 | 25255 ||| DROPPING +2 helmet.
 25256 | Shoals:1 | 25256 ||| DROPPING +1 kite shield "Lupnu" {Will+}.
 25331 | Shoals:2 | 25331 ||| Stepping ~*~*~tactically~*~*~ (hiding).
 25337 | Shoals:2 | 25337 ||| INVOKING Heroism.
 25342 | Shoals:2 | Noticed Mlioglotl
 25343 | Shoals:2 | 25343 ||| INVOKING Finesse.
 25356 | Shoals:2 | Killed Mlioglotl
 25506 | Shoals:2 | 25506 ||| Stepping ~*~*~tactically~*~*~ (hiding).
 25524 | Shoals:2 | Noticed a kraken
 25525 | Shoals:2 | 25525 ||| FLEEEEING.
 25527 | Shoals:2 | 25527 ||| STAIRDANCE
 25590 | Shoals:2 | Noticed Ilsuiw
 25591 | Shoals:2 | 25591 ||| INVOKING Heroism.
 25592 | Shoals:2 | 25592 ||| INVOKING Finesse.
 25598 | Shoals:2 | Reached skill level 14 in Shields
 25614 | Shoals:2 | Killed Ilsuiw
 25628 | Shoals:2 | Reached XP level 17. HP: 108/108 MP: 18/24
 25644 | Shoals:2 | 25644 ||| INVOKING Heroism.
 25707 | Shoals:2 | Found a frozen archway.
 25713 | Shoals:2 | 25713 ||| Stepping ~*~*~tactically~*~*~ (stealth).
 26034 | Shoals:2 | Killed a kraken
 26035 | Shoals:2 | Reached skill level 15 in Shields
 26236 | Shoals:2 | 26236 ||| INVOKING Heroism.
 26258 | Shoals:2 | Received a gift from Okawaru
 26482 | Shoals:3 | 26482 ||| INVOKING Heroism.
 26509 | Shoals:3 | Noticed Nikola
 26510 | Shoals:3 | 26510 ||| INVOKING Finesse.
 26520 | Shoals:3 | 26520 ||| INVOKING Heroism.
 26532 | Shoals:3 | Killed Nikola
 26532 | Shoals:3 | Received a gift from Okawaru
 26599 | Shoals:3 | 26599 ||| INVOKING Heroism.
 26720 | Shoals:3 | Found a runed translucent door.
 26746 | Shoals:3 | Reached skill level 16 in Shields
 26799 | Shoals:3 | 26799 ||| INVOKING Heroism.
 26802 | Shoals:3 | 26802 ||| INVOKING Finesse.
 26815 | Shoals:3 | Received a gift from Okawaru
 27016 | Shoals:3 | 27016 ||| Stepping ~*~*~tactically~*~*~ (hiding).
 27017 | Shoals:3 | 27017 ||| Stepping ~*~*~tactically~*~*~ (hiding).
 27019 | Shoals:3 | 27019 ||| Stepping ~*~*~tactically~*~*~ (hiding).
 27020 | Shoals:3 | 27020 ||| Stepping ~*~*~tactically~*~*~ (hiding).
 27021 | Shoals:3 | 27021 ||| Stepping ~*~*~tactically~*~*~ (hiding).
 27023 | Shoals:3 | 27023 ||| Stepping ~*~*~tactically~*~*~ (hiding).
 27024 | Shoals:3 | 27024 ||| Stepping ~*~*~tactically~*~*~ (hiding).
 27027 | Shoals:3 | 27027 ||| Stepping ~*~*~tactically~*~*~ (hiding).
 27029 | Shoals:3 | 27029 ||| Stepping ~*~*~tactically~*~*~ (hiding).
 27210 | Shoals:3 | 27210 ||| Stepping ~*~*~tactically~*~*~ (hiding).
 27240 | Shoals:3 | Found Rueska's Distillery.
 27246 | Shoals:3 | 27246 ||| INVOKING Heroism.
 27354 | Shoals:3 | 27354 ||| BUYING 2 potions of cancellation (304 gold).
 27354 | Shoals:3 | Bought 2 potions of cancellation for 304 gold pieces
 27354 | Shoals:3 | 27354 ||| BUYING potion of attraction (57 gold).
 27354 | Shoals:3 | Bought a potion of attraction for 57 gold pieces
 27354 | Shoals:3 | 27354 ||| BUYING potion of curing (57 gold).
 27354 | Shoals:3 | Bought a potion of curing for 57 gold pieces
 27354 | Shoals:3 | 27354 ||| BUYING potion of might (76 gold).
 27354 | Shoals:3 | Bought a potion of might for 76 gold pieces
 27354 | Shoals:3 | 27354 ||| BUYING potion of mutation (152 gold).
 27354 | Shoals:3 | Bought a potion of mutation for 152 gold pieces
 27354 | Shoals:3 | 27354 ||| SHOPLISTING potion of resistance (190 gold, have
                  | 37).
 27690 | Shoals:3 | 27690 ||| PLANNING SNAKE:1-3
 27796 | Snake:1  | Entered Level 1 of the Snake Pit
 27907 | Snake:1  | 27907 ||| INVOKING Heroism.
 28001 | Snake:1  | 28001 ||| Stepping ~*~*~tactically~*~*~ (hiding).
 28002 | Snake:1  | 28002 ||| Stepping ~*~*~tactically~*~*~ (hiding).
 28022 | Snake:1  | Received a gift from Okawaru
 28082 | Snake:1  | 28082 ||| Stepping ~*~*~tactically~*~*~ (hiding).
 28096 | Snake:1  | Reached skill level 17 in Shields
 28264 | Snake:1  | 28264 ||| Stepping ~*~*~tactically~*~*~ (stealth).
 28265 | Snake:1  | 28265 ||| INVOKING Heroism.
 28268 | Snake:1  | 28268 ||| SWAPPING to +1 eveningstar.
 28276 | Snake:1  | 28276 ||| SWAPPING to +8 mithril axe "Arga" {speed, Will+}.
 28284 | Snake:1  | 28284 ||| SWAPPING to +1 eveningstar.
 28290 | Snake:1  | Identified the +4 chain mail "Lebiw" {Int+3} (Okawaru
                  | gifted it to you on level 1 of the Snake Pit)
 28290 | Snake:1  | Received a gift from Okawaru
 28291 | Snake:1  | 28291 ||| SWAPPING to +8 mithril axe "Arga" {speed, Will+}.
 28305 | Snake:1  | 28305 ||| FLEEEEING.
 28358 | Snake:1  | 28358 ||| Stepping ~*~*~tactically~*~*~ (stealth).
 28365 | Snake:1  | 28365 ||| Stepping ~*~*~tactically~*~*~ (stealth).
 28387 | Snake:1  | 28387 ||| Stepping ~*~*~tactically~*~*~ (stealth).
 28402 | Snake:1  | 28402 ||| Stepping ~*~*~tactically~*~*~ (stealth).
 28403 | Snake:1  | 28403 ||| Stepping ~*~*~tactically~*~*~ (stealth).
 28409 | Snake:1  | 28409 ||| Stepping ~*~*~tactically~*~*~ (stealth).
 28410 | Snake:1  | 28410 ||| INVOKING Heroism.
 28415 | Snake:1  | 28415 ||| SWAPPING to +1 eveningstar.
 28421 | Snake:1  | 28421 ||| SWAPPING to +8 mithril axe "Arga" {speed, Will+}.
 28424 | Snake:1  | Noticed a tentacled monstrosity
 28425 | Snake:1  | 28425 ||| INVOKING Finesse.
 28449 | Snake:1  | Killed a tentacled monstrosity
 28469 | Snake:1  | 28469 ||| Stepping ~*~*~tactically~*~*~ (stealth).
 28495 | Snake:1  | 28495 ||| Stepping ~*~*~tactically~*~*~ (stealth).
 28543 | Snake:1  | 28543 ||| INVOKING Heroism.
 28560 | Snake:1  | 28560 ||| Stepping ~*~*~tactically~*~*~ (stealth).
 28567 | Snake:1  | 28567 ||| Stepping ~*~*~tactically~*~*~ (stealth).
 28682 | Snake:1  | 28682 ||| Stepping ~*~*~tactically~*~*~ (hiding).
 28805 | Snake:1  | 28805 ||| Stepping ~*~*~tactically~*~*~ (stealth).
 28807 | Snake:1  | 28807 ||| Stepping ~*~*~tactically~*~*~ (stealth).
 28813 | Snake:1  | 28813 ||| INVOKING Heroism.
 28815 | Snake:1  | 28815 ||| SWAPPING to +1 eveningstar.
 28833 | Snake:1  | 28833 ||| INVOKING Heroism.
 28835 | Snake:1  | HP: 23/108 [eight-headed hydra (10)]
 28836 | Snake:1  | 28836 ||| READING 15 scrolls of teleportation.
 28837 | Snake:1  | 28837 ||| DRINKING 9 potions of heal wounds.
 28841 | Snake:1  | 28841 ||| SWAPPING to +8 mithril axe "Arga" {speed, Will+}.
 29073 | Snake:1  | 29073 ||| Stepping ~*~*~tactically~*~*~ (hiding).
 29075 | Snake:1  | 29075 ||| Stepping ~*~*~tactically~*~*~ (hiding).
 29079 | Snake:1  | 29079 ||| Stepping ~*~*~tactically~*~*~ (hiding).
 29228 | Snake:1  | 29228 ||| Stepping ~*~*~tactically~*~*~ (stealth).
 29583 | Snake:1  | 29583 ||| INVOKING Heroism.
 29736 | Snake:2  | 29736 ||| INVOKING Heroism.
 29764 | Snake:2  | Reached skill level 18 in Axes
 29764 | Snake:2  | Reached XP level 18. HP: 114/114 MP: 25/25
 29764 | Snake:2  | 29764 ||| DROPPING +1 eveningstar.
 29796 | Snake:2  | Found Voimauba's Distillery.
 29801 | Snake:2  | Found Edolukh's Magic Scroll Shop.
 29805 | Snake:2  | Found Dipeonynk's Jewellery Shoppe.
 29844 | Snake:2  | 29844 ||| SHOPLISTING 2 potions of haste (320 gold, have
                  | 312).
 29844 | Snake:2  | 29844 ||| BUYING potion of attraction (48 gold).
 29844 | Snake:2  | Bought a potion of attraction for 48 gold pieces
 29844 | Snake:2  | 29844 ||| BUYING potion of curing (48 gold).
 29844 | Snake:2  | Bought a potion of curing for 48 gold pieces
 29844 | Snake:2  | 29844 ||| BUYING potion of curing (48 gold).
 29844 | Snake:2  | Bought a potion of curing for 48 gold pieces
 29844 | Snake:2  | 29844 ||| BUYING potion of enlightenment (80 gold).
 29844 | Snake:2  | Bought a potion of enlightenment for 80 gold pieces
 29844 | Snake:2  | 29844 ||| BUYING potion of enlightenment (80 gold).
 29844 | Snake:2  | Bought a potion of enlightenment for 80 gold pieces
 29844 | Snake:2  | 29844 ||| SHOPLISTING potion of enlightenment (80 gold,
                  | have 8).
 29844 | Snake:2  | 29844 ||| SHOPLISTING potion of might (64 gold, have 8).
 29844 | Snake:2  | 29844 ||| SHOPLISTING potion of mutation (128 gold, have
                  | 8).
 29847 | Snake:2  | Identified the +0 robe of Duty {rCorr Int+2}
 29850 | Snake:2  | 29850 ||| SHOPLISTING scroll of enchant armour (90 gold,
                  | have 8).
 29858 | Snake:2  | 29858 ||| SHOPLISTING +5 ring of evasion (468 gold, have
                  | 8).
 29858 | Snake:2  | 29858 ||| SHOPLISTING ring "Saij" {rF+ rC- Dex+6} (488
                  | gold, have 8).
 29858 | Snake:2  | 29858 ||| SHOPLISTING ring of Cimne {rPois rC+ Int+2} (525
                  | gold, have 8).
 29858 | Snake:2  | 29858 ||| SHOPLISTING ring of protection from fire (325
                  | gold, have 8).
 29859 | Snake:2  | You are sucked into a shaft and drop 1 floor!
 29860 | Snake:3  | 29860 ||| INVOKING Heroism.
 29982 | Snake:3  | 29982 ||| Stepping ~*~*~tactically~*~*~ (hiding).
 30084 | Snake:3  | 30084 ||| DROPPING amulet of regeneration.
 30141 | Snake:2  | 30141 ||| Stepping ~*~*~tactically~*~*~ (hiding).
 30146 | Snake:2  | 30146 ||| INVOKING Heroism.
 30245 | Snake:2  | 30245 ||| Stepping ~*~*~tactically~*~*~ (hiding).
 30249 | Snake:2  | 30249 ||| Stepping ~*~*~tactically~*~*~ (stealth).
 30251 | Snake:2  | 30251 ||| Stepping ~*~*~tactically~*~*~ (hiding).
 30253 | Snake:2  | 30253 ||| Stepping ~*~*~tactically~*~*~ (hiding).
 30254 | Snake:2  | 30254 ||| Stepping ~*~*~tactically~*~*~ (hiding).
 30260 | Snake:2  | 30260 ||| Stepping ~*~*~tactically~*~*~ (hiding).
 30263 | Snake:2  | 30263 ||| Stepping ~*~*~tactically~*~*~ (hiding).
 30355 | Snake:2  | Found Qosom's General Store.
 30360 | Snake:2  | 30360 ||| SHOPLISTING ring of resist corrosion (280 gold,
                  | have 90).
 30649 | Snake:3  | 30649 ||| INVOKING Heroism.
 30669 | Snake:3  | Reached skill level 18 in Shields
 30692 | Snake:3  | 30692 ||| Stepping ~*~*~tactically~*~*~ (stealth).
 30743 | Snake:3  | 30743 ||| INVOKING Heroism.
 30767 | Snake:3  | Found a transporter.
 30767 | Snake:3  | Found a transporter.
 30993 | Snake:3  | 30993 ||| Stepping ~*~*~tactically~*~*~ (hiding).
 30996 | Snake:3  | 30996 ||| Stepping ~*~*~tactically~*~*~ (hiding).
 31072 | Snake:3  | 31072 ||| Stepping ~*~*~tactically~*~*~ (hiding).
 31143 | Snake:3  | 31143 ||| Stepping ~*~*~tactically~*~*~ (stealth).
 31405 | Snake:3  | 31405 ||| Stepping ~*~*~tactically~*~*~ (hiding).
 31495 | Snake:3  | 31495 ||| PLANNING SHOALS:4
 31667 | Shoals:4 | Entered Level 4 of the Shoals
 31824 | Shoals:4 | 31824 ||| Stepping ~*~*~tactically~*~*~ (stealth).
 31830 | Shoals:4 | 31830 ||| Stepping ~*~*~tactically~*~*~ (hiding).
 31852 | Shoals:4 | 31852 ||| Stepping ~*~*~tactically~*~*~ (stealth).
 31853 | Shoals:4 | 31853 ||| Stepping ~*~*~tactically~*~*~ (stealth).
 31854 | Shoals:4 | 31854 ||| INVOKING Heroism.
 31912 | Shoals:4 | 31912 ||| Stepping ~*~*~tactically~*~*~ (hiding).
 31913 | Shoals:4 | 31913 ||| Stepping ~*~*~tactically~*~*~ (hiding).
 31914 | Shoals:4 | 31914 ||| Stepping ~*~*~tactically~*~*~ (hiding).
 31916 | Shoals:4 | 31916 ||| INVOKING Heroism.
 31934 | Shoals:4 | Received a gift from Okawaru
 31990 | Shoals:4 | 31990 ||| INVOKING Heroism.
 32247 | Shoals:4 | 32247 ||| INVOKING Heroism.
 32250 | Shoals:4 | Found Lyofonk's Antique Armour Boutique.
 32392 | Shoals:4 | 32392 ||| SHOPLISTING pair of glowing gloves (225 gold,
                  | have 214).
 32392 | Shoals:4 | 32392 ||| SHOPLISTING shiny plate armour (780 gold, have
                  | 214).
 32431 | Shoals:4 | 32431 ||| INVOKING Heroism.
 32435 | Shoals:4 | 32435 ||| Stepping ~*~*~tactically~*~*~ (hiding).
 32450 | Shoals:4 | Reached skill level 15 in Fighting
 32505 | Shoals:4 | 32505 ||| Stepping ~*~*~tactically~*~*~ (hiding).
 32506 | Shoals:4 | 32506 ||| INVOKING Heroism.
 32537 | Shoals:4 | HP: 21/119 [merfolk impaler/+2 demon trident of venom (13)]
 32538 | Shoals:4 | 32538 ||| READING 15 scrolls of teleportation.
 32539 | Shoals:4 | 32539 ||| DRINKING 8 potions of heal wounds.
 32555 | Shoals:4 | 32555 ||| FLEEEEING.
 32556 | Shoals:4 | 32556 ||| FLEEEEING.
 32558 | Shoals:4 | 32558 ||| FLEEEEING.
 32559 | Shoals:4 | 32559 ||| FLEEEEING.
 32561 | Shoals:4 | 32561 ||| FLEEEEING.
 32564 | Shoals:4 | 32564 ||| INVOKING Heroism.
 32633 | Shoals:4 | 32633 ||| FLEEEEING.
 32634 | Shoals:4 | 32634 ||| FLEEEEING.
 32635 | Shoals:4 | 32635 ||| INVOKING Heroism.
 32700 | Shoals:4 | 32700 ||| FLEEEEING.
 32707 | Shoals:4 | 32707 ||| INVOKING Heroism.
 32767 | Shoals:4 | 32767 ||| Stepping ~*~*~tactically~*~*~ (hiding).
 32780 | Shoals:4 | 32780 ||| Stepping ~*~*~tactically~*~*~ (hiding).
 32805 | Shoals:4 | 32805 ||| Stepping ~*~*~tactically~*~*~ (hiding).
 32806 | Shoals:4 | 32806 ||| Stepping ~*~*~tactically~*~*~ (hiding).
 32807 | Shoals:4 | 32807 ||| Stepping ~*~*~tactically~*~*~ (hiding).
 32847 | Shoals:4 | Identified the amulet of Eduoh {Reflect Harm rF+ SH+5}
 32900 | Shoals:4 | Reached skill level 6 in Dodging
 32932 | Shoals:4 | 32932 ||| Stepping ~*~*~tactically~*~*~ (stealth).
 32933 | Shoals:4 | 32933 ||| Stepping ~*~*~tactically~*~*~ (stealth).
 32948 | Shoals:4 | Got a barnacled rune of Zot
 33072 | Shoals:4 | 33072 ||| INVOKING Heroism.
 33168 | Shoals:4 | Identified the +2 pair of gloves of Disguise {rElec}
 33352 | Shoals:4 | 33352 ||| INVOKING Heroism.
 33371 | Shoals:4 | 33371 ||| Stepping ~*~*~tactically~*~*~ (stealth).
 33372 | Shoals:4 | 33372 ||| Stepping ~*~*~tactically~*~*~ (stealth).
 33425 | Shoals:4 | 33425 ||| PLANNING VAULTS:1-4
 33425 | Shoals:4 | 33425 ||| DROPPING +2 pair of gloves of Disguise {rElec}.
 33426 | Shoals:4 | 33426 ||| DROPPING +4 ring of protection.
 33675 | Vaults:1 | Entered Level 1 of the Vaults
 33755 | Vaults:1 | 33755 ||| Stepping ~*~*~tactically~*~*~ (hiding).
 33757 | Vaults:1 | 33757 ||| Stepping ~*~*~tactically~*~*~ (hiding).
 33758 | Vaults:1 | 33758 ||| Stepping ~*~*~tactically~*~*~ (hiding).
 33759 | Vaults:1 | 33759 ||| Stepping ~*~*~tactically~*~*~ (hiding).
 33765 | Vaults:1 | 33765 ||| INVOKING Heroism.
 33770 | Vaults:1 | Received a gift from Okawaru
 33780 | Vaults:1 | 33780 ||| Stepping ~*~*~tactically~*~*~ (hiding).
 33784 | Vaults:1 | 33784 ||| Stepping ~*~*~tactically~*~*~ (stealth).
 33797 | Vaults:1 | HP: 22/119 [lindwurm/blast of flame (27)]
 33798 | Vaults:1 | 33798 ||| READING 14 scrolls of teleportation.
 33799 | Vaults:1 | 33799 ||| DRINKING 7 potions of heal wounds.
 33804 | Vaults:1 | 33804 ||| INVOKING Heroism.
 34011 | Vaults:1 | 34011 ||| Stepping ~*~*~tactically~*~*~ (stealth).
 34018 | Vaults:1 | 34018 ||| INVOKING Heroism.
 34163 | Vaults:1 | Received a gift from Okawaru
 34223 | Vaults:1 | Reached XP level 19. HP: 103/124 MP: 26/26
 34290 | Vaults:1 | 34290 ||| Stepping ~*~*~tactically~*~*~ (stealth).
 34398 | Vaults:1 | 34398 ||| Stepping ~*~*~tactically~*~*~ (stealth).
 34400 | Vaults:1 | 34400 ||| Stepping ~*~*~tactically~*~*~ (hiding).
 34633 | Vaults:1 | Found Hiownequ's Antique Weapon Shop.
 34771 | Vaults:1 | 34771 ||| Stepping ~*~*~tactically~*~*~ (hiding).
 34779 | Vaults:1 | 34779 ||| INVOKING Heroism.
 34780 | Vaults:1 | 34780 ||| INVOKING Finesse.
 34789 | Vaults:1 | 34789 ||| Stepping ~*~*~tactically~*~*~ (hiding).
 34828 | Vaults:1 | Identified the +6 broad axe of Okawaru's Benevolence
                  | {speed, +Blink rPois} (Okawaru gifted it to you on level 1
                  | of the Vaults)
 34828 | Vaults:1 | Received a gift from Okawaru
 35149 | Vaults:1 | 35149 ||| INVOKING Heroism.
 35156 | Vaults:1 | Reached skill level 19 in Shields
 35394 | Vaults:1 | Noticed a tentacled monstrosity
 35394 | Vaults:1 | 35394 ||| INVOKING Heroism.
 35395 | Vaults:1 | 35395 ||| INVOKING Finesse.
 35403 | Vaults:1 | Killed a tentacled monstrosity
 35612 | Vaults:1 | 35612 ||| INVOKING Heroism.
 35850 | Vaults:2 | 35850 ||| Stepping ~*~*~tactically~*~*~ (stealth).
 35960 | Vaults:2 | Noticed Saint Roka
 35961 | Vaults:2 | 35961 ||| INVOKING Heroism.
 35989 | Vaults:2 | HP: 28/125 [Saint Roka/divine providence (10)]
 35990 | Vaults:2 | 35990 ||| READING 17 scrolls of teleportation.
 35991 | Vaults:2 | 35991 ||| DRINKING 6 potions of heal wounds.
 35994 | Vaults:2 | 35994 ||| DRINKING 5 potions of heal wounds.
 35996 | Vaults:2 | Noticed Margery
 35997 | Vaults:2 | HP: 30/125 [Margery/bolt of fire (22)]
 35998 | Vaults:2 | 35998 ||| READING 16 scrolls of teleportation.
 35999 | Vaults:2 | 35999 ||| DRINKING 4 potions of heal wounds.
 36002 | Vaults:2 | 36002 ||| DRINKING 3 potions of heal wounds.
 36245 | Vaults:2 | 36245 ||| Stepping ~*~*~tactically~*~*~ (hiding).
 36255 | Vaults:2 | 36255 ||| INVOKING Heroism.
 36261 | Vaults:2 | 36261 ||| INVOKING Finesse.
 36329 | Vaults:2 | 36329 ||| Stepping ~*~*~tactically~*~*~ (stealth).
 36330 | Vaults:2 | 36330 ||| Stepping ~*~*~tactically~*~*~ (stealth).
 36332 | Vaults:2 | 36332 ||| Stepping ~*~*~tactically~*~*~ (stealth).
 36335 | Vaults:2 | 36335 ||| Stepping ~*~*~tactically~*~*~ (hiding).
 36340 | Vaults:2 | 36340 ||| Stepping ~*~*~tactically~*~*~ (stealth).
 36341 | Vaults:2 | 36341 ||| Stepping ~*~*~tactically~*~*~ (stealth).
 36342 | Vaults:2 | 36342 ||| INVOKING Heroism.
 36365 | Vaults:2 | HP: 22/128 [hell knight/+1 heavy halberd[Margery] (20)]
 36366 | Vaults:2 | 36366 ||| READING 15 scrolls of teleportation.
 36367 | Vaults:2 | 36367 ||| DRINKING 2 potions of heal wounds.
 36370 | Vaults:2 | 36370 ||| DRINKING potion of heal wounds.
 36392 | Vaults:2 | HP: 31/128 [dire elephant (10)]
 36393 | Vaults:2 | 36393 ||| READING 14 scrolls of teleportation.
 36401 | Vaults:2 | 36401 ||| INVOKING Finesse.
 36401 | Vaults:2 | HP: 19/128 [Saint Roka/divine providence (14)]
 36401 | Vaults:2 | HP: 7/128 [orc priest/divine providence[Saint Roka] (12)]
 36402 | Vaults:2 | 36402 ||| READING 13 scrolls of teleportation.
 36402 | Vaults:2 | Killed from afar by Saint Roka

Levels and vault maps discovered:
D:1:      scummos_arrival_gate, layout_rooms
D:2:      layout_basic, kennysheep_generic_room_5, uniq_crazy_yiuf_cottage
D:3:      minmay_octagon_keep, layout_loops_ring, vehumet_statue,
          mainiacjoe_overflow_catch_the_wave
D:4:      layout_loops_cross, ashenzari_altar_1,
          mainiacjoe_overflow_six_doors_small, minmay_temple_entry_stoned_glass,
          uniq_robin
D:5:      layout_loops_corners, lightli_corner_chamber, uniq_prince_ribbit1,
          uniq_eustachio
D:6:      layout_cave_pools, nicolae_overflow_hidden_temple,
          mainiacjoe_overflow_alcove_2
D:7:      layout_layer_cave, lemuel_coloured_pillars_altar, kennysheep_nub
D:8:      layout_rooms, nicolae_overflow_squiral
D:9:      layout_basic, minmay_diamond_spiral
D:10:     layout_irregular_city, lair_entry_dummy, gammafunk_ghost_ooze,
          uniq_maurice
D:11:     layout_gridville, david_orc_5, chequers_arboretum, uniq_urug
D:12:     dreamdust_labyrinth, layout_irregular_city, serial_shops,
          nicolae_shop_pleasant_corner_grove,
          nicolae_ru_great_annihilating_truth
D:13:     lemuel_slime, layout_layer_cave
D:14:     layout_basic, grunt_vaults_entry_tiered,
          nicolae_gozag_cash_rules_everything_around_me, serial_shops,
          nicolae_inconvenience_store
D:15:     grunt_enter_depths_giant_problem, layout_stronghold,
          serial_park_square2, serial_shops, shop, uniq_josephine
Temple:   nicolae_temple_ecumenical_triangle
Lair:1:   layout_regular_city, gammafunk_ghost_cemetery
Lair:2:   layout_regular_city, minmay_shoals_entry_centaurs,
          nicolae_snake_entry_squirm, chequers_serial_rivers_small_a,
          uniq_harold
Lair:3:   layout_big_grid, gauntlet_entry_generic, pdpol_lair_neglected_garden,
          lemuel_fruit_tree, uniq_rupert, uniq_fannar, uniq_gastronok,
          uniq_snorg
Lair:4:   layout_gridlike, minmay_slime_entry_jelly_boxes
Lair:5:   gammafunk_lair_ancient_temple, layout_small_grid, st_stairs_7,
          serial_bayou_pond_a, minivault_24, grunt_forest_large_clearings,
          uniq_kirke
Shoals:1: layout_shoals, serial_shops, nicolae_shop_back_alley_shop, st_cyclops,
          uniq_louise
Shoals:2: layout_shoals, portal_ice_cave_entry_pillars_1, uniq_ilsuiw,
          uniq_mlioglotl
Shoals:3: nicolae_shoals_offshore_bank_account, layout_shoals, serial_shops,
          shop, uniq_nikola
Shoals:4: shoals_end_hangedman, layout_shoals, serial_shops, shop
Snake:1:  onia_ninara_swampy_vault, layout_layer_cave
Snake:2:  layout_rooms, serial_shops, nicolae_shop_hallway_stairs,
          nicolae_wooded_promenade, drop_trap, grunt_ministairs_14
Snake:3:  gammafunk_sealed_arena, layout_concentric_octagons,
          grunt_ministairs_2, nicolae_snake_double_loop, serial_bayou_shore_a
Orc:1:    layout_caves, nicolae_orc_stony_grotto
Orc:2:    st_orc_ogre_mass, layout_caves
Vaults:1: vaults_mumra_minichess_inversion, hangedman_vaults_impose, st_star,
          ontoclasm_vaults_eye, vaults_mumra_hexcomb, v_misc_32,
          vaults_room_fours, nicolae_vaults_alarming, vaults_dpeg_ring,
          ontoclasm_vaults_gateway, layout_vaults_omnigrid, serial_shops, shop
Vaults:2: minmay_crypt_entry_skeletal_spiral, nicolae_vaults_network_quinsquares
          [nicolae_vaults_network_quincunx_subvault,
          nicolae_vaults_network_quincunx_subvault,
          nicolae_vaults_network_quincunx_subvault,
          nicolae_vaults_network_quincunx_subvault], hangedman_vaults_nodes,
          nicolae_vaults_door_testing_chamber,
          vaults_standard_mumra_enter_the_diamond,
          nicolae_vaults_trapezoid_lopsided_4, v_alt_pattern_5,
          nicolae_vaults_surprise_closet_hard, nicolae_vaults_storage_closets_1,
          vaults_dpeg_hooks, nicolae_vaults_double_plus_2,
          nicolae_vaults_two_Ls, layout_vaults_maze, serial_shops, shop,
          uniq_zenata, uniq_saint_roka, uniq_margery

Skill      XL: |  1  2  3  4  5  6  7  8  9 10 11 12 13 14 15 16 17 18 19 |
---------------+----------------------------------------------------------+-----
Axes           | 2 3 4 5 6 7 8 9 10 11 13 14 15 16 17 18 | 18.0
Fighting       | 4 5 7 8 9 10 11 12 13 15 17 | 17.0
Dodging        | 2 3 5 6 |  6.6
Armour         | 4 5 6 8 9 11 12 13 14 | 14.0
Invocations    | 1 4 5 9 10 | 10.0
Throwing       | 2 3 5 6 7 8 |  8.0
Shields        | 4 5 6 7 11 14 17 18 19 | 19.0

Action                     |  1- 3 |  4- 6 |  7- 9 | 10-12 | 13-15 | 16-18 | 19-21 || total
---------------------------+-------+-------+-------+-------+-------+-------+-------++-------
  Melee: War axe           |   101 |   122 |   159 |    53 |       |       |       ||   435
         Broad axe         |       |       |       |   286 |   883 |  1460 |   365 ||  2994
         Morningstar       |       |       |       |       |     9 |       |       ||     9
         Eveningstar       |       |       |       |       |       |    39 |       ||    39
  Throw: Boomerang         |       |    49 |    74 |    98 |   121 |    47 |    22 ||   411
         Javelin           |       |       |       |    14 |   158 |    92 |     7 ||   271
 Invoke: Heroism           |       |       |     8 |    17 |    24 |    44 |     7 ||   100
         Finesse           |       |       |       |     2 |     4 |     9 |     4 ||    19
    Use: Scroll            |     2 |     8 |     5 |     9 |     5 |     3 |     5 ||    37
         Potion            |     2 |     3 |       |       |     2 |     3 |     6 ||    16
   Stab: Distracted        |       |       |       |       |     1 |       |       ||     1
         Invisible         |       |       |       |       |     1 |       |       ||     1
         Confused          |       |       |       |       |       |     1 |       ||     1
 Armour: Scale mail        |    31 |       |       |       |       |       |       ||    31
         Plate armour      |    29 |    77 |    98 |   143 |    29 |       |       ||   376
         Shadow dragon sca |       |       |       |       |   221 |       |       ||   221
         Chain mail        |       |       |       |       |    46 |   446 |    93 ||   585
  Dodge: Dodged            |    26 |    22 |    52 |    89 |   300 |   430 |   117 ||  1036
  Block: Buckler           |    13 |    17 |    33 |    47 |    94 |       |       ||   204
         Kite shield       |       |       |       |       |    72 |   131 |       ||   203
         Tower shield      |       |       |       |       |       |   924 |   269 ||  1193
         Reflection        |       |       |       |       |       |    68 |     8 ||    76

Table legend:
 A = Non-vault XP
 B = Vault XP
 C = Vault XP percentage of total XP
 D = Non-vault monster count
 E = Vault monster count
 F = Vault count percentage of total count
                 A         B        C        D         E       F
            +---------+---------+-------+---------+---------+-------
      Total |  236536 |  141285 |  37.4 |     658 |     328 |  33.3
            +---------+---------+-------+---------+---------+-------
        D:1 |      46 |       0 |   0.0 |      22 |       0 |   0.0
        D:2 |      40 |       2 |   4.8 |      19 |       1 |   5.0
        D:3 |     274 |      55 |  16.7 |      26 |      13 |  33.3
        D:4 |     298 |      29 |   8.9 |      13 |       8 |  38.1
        D:5 |     147 |     467 |  76.1 |       5 |       2 |  28.6
        D:6 |     398 |       0 |   0.0 |       7 |       0 |   0.0
        D:7 |    2232 |       0 |   0.0 |      24 |       0 |   0.0
        D:8 |     665 |       0 |   0.0 |      12 |       0 |   0.0
        D:9 |    1214 |    1409 |  53.7 |      15 |       4 |  21.1
       D:10 |     989 |     439 |  30.7 |      11 |       1 |   8.3
       D:11 |    6838 |    2594 |  27.5 |      21 |      24 |  53.3
       D:12 |    8645 |      39 |   0.4 |      19 |       4 |  17.4
       D:13 |    7122 |     608 |   7.9 |      15 |      22 |  59.5
       D:14 |    8643 |    8898 |  50.7 |      23 |      25 |  52.1
       D:15 |   15878 |    2596 |  14.1 |      25 |       5 |  16.7
     Lair:1 |    3689 |       0 |   0.0 |      17 |       0 |   0.0
     Lair:2 |    4193 |    1945 |  31.7 |      17 |       9 |  34.6
     Lair:3 |    7123 |    5049 |  41.5 |      24 |       4 |  14.3
     Lair:4 |    6006 |     344 |   5.4 |      23 |      12 |  34.3
     Lair:5 |    7497 |   12111 |  61.8 |      18 |      27 |  60.0
   Shoals:1 |   19529 |    5975 |  23.4 |      41 |       9 |  18.0
   Shoals:2 |   19366 |    4967 |  20.4 |      37 |       5 |  11.9
   Shoals:3 |   16593 |    2401 |  12.6 |      29 |       1 |   3.3
   Shoals:4 |    7763 |   21072 |  73.1 |      14 |      33 |  70.2
    Snake:1 |   11922 |   14266 |  54.5 |      23 |      21 |  47.7
    Snake:2 |   10714 |     759 |   6.6 |      20 |       2 |   9.1
    Snake:3 |   17564 |    2578 |  12.8 |      31 |       4 |  11.4
      Orc:1 |    1291 |       0 |   0.0 |      23 |       0 |   0.0
      Orc:2 |    1064 |   16857 |  94.1 |      23 |      34 |  59.6
   Vaults:1 |   25047 |   22219 |  47.0 |      32 |      29 |  47.5
   Vaults:2 |   23746 |    8363 |  26.0 |      29 |      17 |  37.0
   Gauntlet |       0 |    5243 | 100.0 |       0 |      12 | 100.0
            +---------+---------+-------+---------+---------+-------
